Workbook
Name Budget_Dennis: #REF!
Name Budget_Dennis: #REF!
Name Budget_Dennis: #REF!
Name CAMP: #REF!
Name CAMP: #REF!
Name CAMP: #REF!
Name Contracts_Export_Dennis: #REF!
Name Contracts_Export_Dennis: #REF!
Name Contracts_Export_Dennis: #REF!
Name Contracts_Export_Dennis_All: #REF!
Name Contracts_Export_Dennis_All: #REF!
Name Contracts_Export_Dennis_All: #REF!
Name De_Anza_Encumbrances_Query_Query: #REF!
Name De_Anza_Encumbrances_Query_Query: #REF!
Name De_Anza_Encumbrances_Query_Query: #REF!
Name Dennis_List___V2: #REF!
Name Dennis_List___V2: #REF!
Name Dennis_List___V2: #REF!
Name July_CAMP: #REF!
Name July_CAMP: #REF!
Name July_CAMP: #REF!
Name Open_Contracts: #REF!
Name Open_Contracts: #REF!
Name Open_Contracts: #REF!
Name Reconciliation___Master: #REF!
Name Reconciliation___Master: #REF!
Name Reconciliation___Master: #REF!
Name Vendors_Not_In_Master: #REF!
Name Vendors_Not_In_Master: #REF!
Name Vendors_Not_In_Master: #REF!

Sheet Site
A1: Seg No | B1: Seg Desc | C1: Code | D1: Description | E1: Descrip 2 | F1: Obligation | G1: Used | H1: List | I1: City | J1: Type
A2: 5 | B2: Site | C2: 000 | D2: UNDISTRIBUTED | E2: Undistributed | G2: TRUE | H2: TRUE | I2: Central | J2: Elementary
A3: 5 | B3: Site | C3: 100 | D3: CENTRAL K-8 | E3: Central K-8 | G3: FALSE | H3: FALSE | I3: Central | J3: Elementary
A4: 5 | B4: Site | C4: 104 | D4: BAYVIEW | E4: Bayview | G4: TRUE | H4: TRUE | I4: San Pablo | J4: Elementary
A5: 5 | B5: Site | C5: 105 | D5: CHAVEZ | E5: Chavez | G5: TRUE | H5: TRUE | I5: Richmond | J5: Elementary
A6: 5 | B6: Site | C6: 108 | D6: CAMERON | E6: Cameron | G6: TRUE | H6: TRUE | I6: El Cerrito | J6: Elementary
A7: 5 | B7: Site | C7: 109 | D7: CASTRO | E7: Castro | G7: TRUE | H7: TRUE | I7: El Cerrito | J7: Elementary
A8: 5 | B8: Site | C8: 110 | D8: COLLINS | E8: Collins | G8: TRUE | H8: TRUE | I8: Pinole | J8: Elementary
A9: 5 | B9: Site | C9: 112 | D9: CORONADO | E9: Coronado | G9: TRUE | H9: TRUE | I9: Richmond | J9: Elementary
A10: 5 | B10: Site | C10: 115 | D10: DOVER | E10: Dover | G10: TRUE | H10: TRUE | I10: San Pablo | J10: Elementary
A11: 5 | B11: Site | C11: 116 | D11: DOWNER | E11: Downer | G11: TRUE | H11: TRUE | I11: San Pablo | J11: Elementary
A12: 5 | B12: Site | C12: 117 | D12: ELLERHORST | E12: Ellerhorst | G12: TRUE | H12: TRUE | I12: Pinole | J12: Elementary
A13: 5 | B13: Site | C13: 120 | D13: EL SOBRANTE | E13: El Sobrante | G13: TRUE | H13: TRUE | I13: El Sobrante | J13: Elementary
... A49: 5 | B49: Site | C49: 200 | D49: CENTRAL 7-8 | E49: Central 7-8 | G49: FALSE | H49: FALSE | I49: Central | J49: Middle School
C50: 202 | E50: Adams MS | I50: Unincorporated | J50: Middle School
A51: 5 | B51: Site | C51: 206 | D51: CRESPI JR HIGH | E51: Crespi Jr High | G51: TRUE | H51: TRUE | I51: El Sobrante | J51: Middle School
A52: 5 | B52: Site | C52: 208 | D52: DEJEAN MIDDLE | E52: Dejean Middle | G52: TRUE | H52: TRUE | I52: Richmond | J52: Middle School
A53: 5 | B53: Site | C53: 210 | D53: HELMS MIDDLE | E53: Helms Middle | G53: TRUE | H53: TRUE | I53: San Pablo | J53: Middle School
A54: 5 | B54: Site | C54: 211 | D54: HERCULES MIDDLE | E54: Hercules Middle | G54: TRUE | H54: TRUE | I54: Hercules | J54: Middle School
A55: 5 | B55: Site | C55: 212 | D55: PINOLE JR HIGH | E55: Pinole Jr High | G55: TRUE | H55: TRUE | I55: Pinole | J55: Middle School
A56: 5 | B56: Site | C56: 214 | D56: PORTOLA JR HIGH | E56: Portola Jr High | G56: TRUE | H56: TRUE | I56: El Cerrito | J56: Middle School
A57: 5 | B57: Site | C57: 300 | D57: CENTRAL 9-12 | E57: Central 9-12 | G57: FALSE | H57: FALSE | I57: Central | J57: High School
A58: 5 | B58: Site | C58: 352 | D58: DE ANZA HIGH | E58: De Anza High | G58: TRUE | H58: TRUE | I58: Richmond | J58: High School
A59: 5 | B59: Site | C59: 354 | D59: EL CERRITO HIGH | E59: El Cerrito High | G59: TRUE | H59: TRUE | I59: El Cerrito | J59: High School
A60: 5 | B60: Site | C60: 358 | D60: GOMPERS CONT HIGH | E60: Gompers Cont High | G60: TRUE | H60: TRUE | I60: Richmond | J60: High School
A61: 5 | B61: Site | C61: 360 | D61: KENNEDY HIGH | E61: Kennedy High | G61: TRUE | H61: TRUE | I61: Richmond | J61: High School
A62: 5 | B62: Site | C62: 362 | D62: PINOLE VALLEY HIGH | E62: Pinole Valley High | G62: TRUE | H62: TRUE | I62: Pinole | J62: High School
... A69: 5 | B69: Site | C69: 381 | D69: SECONDARY CDS AT GOMPERS | E69: Secondary Cds At Gompers | G69: FALSE | H69: FALSE | I69: Richmond | J69: High School
C70: 391 | E70: Delta NSS | I70: Central | J70: High School
C71: 393 | E71: Kappa NSS | I71: Central | J71: High School
C72: 395 | E72: Omega NSS | I72: Central | J72: High School
C73: 396 | E73: Sigma NSS | I73: Central | J73: High School
A74: 5 | B74: Site | C74: 408 | D74: SERRA ADULT ED | E74: Serra Adult Ed | G74: FALSE | H74: FALSE | I74: Richmond | J74: Other
A75: 5 | B75: Site | C75: 410 | D75: ALVARADO ADULT ED | E75: Alvarado Adult Ed | G75: TRUE | H75: TRUE | I75: Richmond | J75: Other
A76: 5 | B76: Site | C76: 512 | D76: RICHMOND COLLEGE PREP CHARTER | E76: Richmond College Prep Charter | G76: TRUE | H76: TRUE | I76: Richmond | J76: Other
A77: 5 | B77: Site | C77: 517 | D77: MAKING WAVES CHARTER SCHOOL | E77: Making Waves Charter School | G77: FALSE | H77: FALSE | I77: Richmond | J77: Other
A78: 5 | B78: Site | C78: 531 | D78: LEADERSHIP HIGH SCHOOL | E78: Leadership High School | G78: TRUE | H78: TRUE | I78: Richmond | J78: Other
A79: 5 | B79: Site | C79: 544 | D79: NYSTROM CMMUNITY PROJECT | E79: Nystrom Cmmunity Project | G79: FALSE | H79: FALSE | I79: Richmond | J79: Other
A80: 5 | B80: Site | C80: 555 | D80: UNDISTRIBUTED SUBS-NO ACTIVITY | E80: Undistributed Subs-No Activity | G80: FALSE | H80: FALSE | I80: Central | J80: Other
A81: 5 | B81: Site | C81: 556 | D81: ON LEAVE WITHOUT PAY | E81: On Leave Without Pay | G81: FALSE | H81: FALSE | I81: Central | J81: Other
A82: 5 | B82: Site | C82: 602 | D82: HOMELESS NEGLECTED PROGRAMS | E82: Homeless Neglected Programs | G82: FALSE | H82: FALSE | I82: Central | J82: Administration
A83: 5 | B83: Site | C83: 603 | D83: EXECUTIVE ADMIN SUPT OFFICE | E83: Executive Admin Supt Office | G83: TRUE | H83: FALSE | I83: Central | J83: Administration
A84: 5 | B84: Site | C84: 605 | D84: INSTRUCTIONAL SUPPORT | E84: Instructional Support | G84: FALSE | H84: FALSE | I84: Central | J84: Administration
A85: 5 | B85: Site | C85: 606 | D85: FISCALSERVICES CENTRAL SUPPORT | E85: Fiscalservices Central Support | G85: TRUE | H85: FALSE | I85: Central | J85: Administration
... A145: 5 | B145: Site | C145: 692 | D145: TRANSFER OFFICE | E145: Transfer Office | G145: FALSE | H145: FALSE | I145: Central | J145: Administration
A146: 5 | B146: Site | C146: 702 | D146: SALESIAN HIGH | E146: Salesian High | G146: FALSE | H146: FALSE
A147: 5 | B147: Site | C147: 703 | D147: EL SOBRANTE CHRISTIAN SCHOOL | E147: El Sobrante Christian School | G147: FALSE | H147: FALSE
A148: 5 | B148: Site | C148: 705 | D148: ST CORNELIUS SCHOOL | E148: St Cornelius School | G148: FALSE | H148: FALSE
A149: 5 | B149: Site | C149: 706 | D149: ST PAUL SCHOOL | E149: St Paul School | G149: FALSE | H149: FALSE
A150: 5 | B150: Site | C150: 707 | D150: ST DAVID SCHOOL | E150: St David School | G150: FALSE | H150: FALSE
A151: 5 | B151: Site | C151: 708 | D151: ST JEROME SCHOOL | E151: St Jerome School | G151: FALSE | H151: FALSE
A152: 5 | B152: Site | C152: 709 | D152: ST JOHN SCHOOL | E152: St John School | G152: FALSE | H152: FALSE
A153: 5 | B153: Site | C153: 710 | D153: ST JOSEPH SCHOOL | E153: St Joseph School | G153: FALSE | H153: FALSE
A154: 5 | B154: Site | C154: 722 | D154: TEHIYAH DAY | E154: Tehiyah Day | G154: FALSE | H154: FALSE
A155: 5 | B155: Site | C155: 723 | D155: PROSPECT SIERRA SCHOOL | E155: Prospect Sierra School | G155: FALSE | H155: FALSE
A156: 5 | B156: Site | C156: 725 | D156: CALVARY CHRISTIAN ACADEMY | E156: Calvary Christian Academy | G156: FALSE | H156: FALSE
A157: 5 | B157: Site | C157: 738 | D157: EAST BAY WALDORF SCHOOL | E157: East Bay Waldorf School | G157: FALSE | H157: FALSE
... A159: 5 | B159: Site | C159: 922 | D159: MENTAL HEALTH SVCS SPEC ED | E159: Mental Health Svcs Spec Ed | G159: FALSE | H159: FALSE

Sheet Encumbered
A1: resc | B1: site | C1: object | D1: cost code | E1: Proj # | F1: act_amt | G1: enc_amt | H1: vend_num | I1: vend_name | J1: contract | K1: 1 | L1: Neg? | M1: Big | N1: 1
A2: 9745 | B2: 146 | C2: 5890 | D2: 412INSP | E2: 14601206-00 | F2: 0 | G2: -1000 | H2: 10123 | I2: 3QC | J2: 1000000678 | K2: 201 | L2: =INDEX(zero!C$3:C$389,MATCH($J2,zero!$A$3:$A$389,FALSE),1) -> FALSE | M2: =INDEX(zero!D$3:D$389,MATCH($J2,zero!$A$3:$A$389,FALSE),1) -> FALSE | N2: 201
A3: 9745 | B3: 146 | C3: 5890 | D3: 412INSP | E3: 14601206-00 | F3: 5173 | G3: 8127 | H3: 10123 | I3: 3QC | J3: 1000000678 | K3: 202 | L3: =INDEX(zero!C$3:C$389,MATCH($J3,zero!$A$3:$A$389,FALSE),1) -> FALSE | M3: =INDEX(zero!D$3:D$389,MATCH($J3,zero!$A$3:$A$389,FALSE),1) -> FALSE | N3: 202
A4: 9745 | B4: 214 | C4: 5890 | D4: 412INSP | E4: 21401103-00 | F4: 0 | G4: -750 | H4: 10123 | I4: 3QC | J4: 1000000702 | K4: 203 | L4: =INDEX(zero!C$3:C$389,MATCH($J4,zero!$A$3:$A$389,FALSE),1) -> FALSE | M4: =INDEX(zero!D$3:D$389,MATCH($J4,zero!$A$3:$A$389,FALSE),1) -> TRUE | N4: 203
A5: 9745 | B5: 214 | C5: 5890 | D5: 412INSP | E5: 21401103-00 | F5: 13596 | G5: 56476 | H5: 10123 | I5: 3QC | J5: 1000000702 | K5: 204 | L5: =INDEX(zero!C$3:C$389,MATCH($J5,zero!$A$3:$A$389,FALSE),1) -> FALSE | M5: =INDEX(zero!D$3:D$389,MATCH($J5,zero!$A$3:$A$389,FALSE),1) -> TRUE | N5: 204
A6: 9745 | B6: 112 | C6: 5890 | D6: 412INSP | E6: 11201341-00 | F6: 6031 | G6: 39969 | H6: 10123 | I6: 3QC | J6: 1000000710 | K6: 205 | L6: =INDEX(zero!C$3:C$389,MATCH($J6,zero!$A$3:$A$389,FALSE),1) -> FALSE | M6: =INDEX(zero!D$3:D$389,MATCH($J6,zero!$A$3:$A$389,FALSE),1) -> FALSE | N6: 205
A7: 9745 | B7: 157 | C7: 5890 | D7: 420OSVC | E7: 15701381-02 | F7: 0 | G7: 7410 | H7: 10419 | I7: A3GEO | J7: 1000000244 | K7: 207 | L7: =INDEX(zero!C$3:C$389,MATCH($J7,zero!$A$3:$A$389,FALSE),1) -> FALSE | M7: =INDEX(zero!D$3:D$389,MATCH($J7,zero!$A$3:$A$389,FALSE),1) -> FALSE | N7: 206
A8: 9745 | B8: 157 | C8: 5890 | D8: 420OSVC | E8: 15701381-02 | F8: 2850 | G8: 5499.12 | H8: 10419 | I8: A3GEO | J8: 1000000244 | K8: 208 | L8: =INDEX(zero!C$3:C$389,MATCH($J8,zero!$A$3:$A$389,FALSE),1) -> FALSE | M8: =INDEX(zero!D$3:D$389,MATCH($J8,zero!$A$3:$A$389,FALSE),1) -> FALSE | N8: 207
A9: 9745 | B9: 139 | C9: 6190 | D9: 204XGEO | E9: 13901215-02 | F9: 0 | G9: 13505 | H9: 10419 | I9: A3GEO | J9: 1000000852 | K9: 209 | L9: =INDEX(zero!C$3:C$389,MATCH($J9,zero!$A$3:$A$389,FALSE),1) -> FALSE | M9: =INDEX(zero!D$3:D$389,MATCH($J9,zero!$A$3:$A$389,FALSE),1) -> FALSE | N9: 208
A10: 9745 | B10: 139 | C10: 6190 | D10: 204XGEO | E10: 13901215-02 | F10: 3997.5 | G10: -2147.5 | H10: 10419 | I10: A3GEO | J10: 1000000852 | K10: 210 | L10: =INDEX(zero!C$3:C$389,MATCH($J10,zero!$A$3:$A$389,FALSE),1) -> FALSE | M10: =INDEX(zero!D$3:D$389,MATCH($J10,zero!$A$3:$A$389,FALSE),1) -> FALSE | N10: 209
A11: 9745 | B11: 123 | C11: 6190 | D11: 204XGEO | E11: 12301349-00 | F11: 1520 | G11: 5890 | H11: 10419 | I11: A3GEO | J11: 1000001345 | K11: 211 | L11: =INDEX(zero!C$3:C$389,MATCH($J11,zero!$A$3:$A$389,FALSE),1) -> FALSE | M11: =INDEX(zero!D$3:D$389,MATCH($J11,zero!$A$3:$A$389,FALSE),1) -> FALSE | N11: 210
A12: 9745 | B12: 122 | C12: 6190 | D12: 204XGEO | E12: 12201357-04 | F12: 16099 | G12: 2918 | H12: 10419 | I12: A3GEO | J12: 1000001346 | K12: 212 | L12: =INDEX(zero!C$3:C$389,MATCH($J12,zero!$A$3:$A$389,FALSE),1) -> FALSE | M12: =INDEX(zero!D$3:D$389,MATCH($J12,zero!$A$3:$A$389,FALSE),1) -> FALSE | N12: 211
A13: 9745 | B13: 210 | C13: 5860 | D13: 324XSPC | E13: 21001101-09 | F13: 5023.56 | G13: 18251.44 | H13: 12885 | I13: ACUMEN INDUSTRIAL HYGENE INC | J13: 1000000351 | K13: 219 | L13: =INDEX(zero!C$3:C$389,MATCH($J13,zero!$A$3:$A$389,FALSE),1) -> FALSE | M13: =INDEX(zero!D$3:D$389,MATCH($J13,zero!$A$3:$A$389,FALSE),1) -> FALSE | N13: 212
... A571: 9745 | B571: 146 | C571: 6211 | D571: 500XXBB | E571: 14601206-04 | F571: 5384917.8 | G571: 325642.84 | H571: 10426 | I571: ZOVICH CONSTRUCTION | J571: 1000000729 | K571: 1688 | L571: =INDEX(zero!C$3:C$389,MATCH($J571,zero!$A$3:$A$389,FALSE),1) -> FALSE | M571: =INDEX(zero!D$3:D$389,MATCH($J571,zero!$A$3:$A$389,FALSE),1) -> TRUE | N571: 783
G574: =SUM(G2:G573) -> 31317200

Sheet zero
A3: Row Labels | B3: Sum of enc_amt | C3: Small | D3: Big
A4: 1000000006 | B4: 51.85 | C4: =ROUND(B4,0)<2 -> FALSE | D4: =B4>50000 -> FALSE
A5: 1000000025 | B5: 19056.05 | C5: =ROUND(B5,0)<2 -> FALSE | D5: =B5>50000 -> FALSE
A6: 1000000031 | B6: 42967.5 | C6: =ROUND(B6,0)<2 -> FALSE | D6: =B6>50000 -> FALSE
A7: 1000000032 | B7: 82247.48 | C7: =ROUND(B7,0)<2 -> FALSE | D7: =B7>50000 -> TRUE
A8: 1000000033 | B8: 9280 | C8: =ROUND(B8,0)<2 -> FALSE | D8: =B8>50000 -> FALSE
A9: 1000000058 | B9: 16650 | C9: =ROUND(B9,0)<2 -> FALSE | D9: =B9>50000 -> FALSE
A10: 1000000062 | B10: 884.14 | C10: =ROUND(B10,0)<2 -> FALSE | D10: =B10>50000 -> FALSE
A11: 1000000065 | B11: 127.36 | C11: =ROUND(B11,0)<2 -> FALSE | D11: =B11>50000 -> FALSE
A12: 1000000067 | B12: 14049.4 | C12: =ROUND(B12,0)<2 -> FALSE | D12: =B12>50000 -> FALSE
A13: 1000000080 | B13: 0 | C13: =ROUND(B13,0)<2 -> TRUE | D13: =B13>50000 -> FALSE
A14: 1000000084 | B14: 618.75 | C14: =ROUND(B14,0)<2 -> FALSE | D14: =B14>50000 -> FALSE
A15: 1000000159 | B15: 111.88 | C15: =ROUND(B15,0)<2 -> FALSE | D15: =B15>50000 -> FALSE
... A388: 1000001454 | B388: 175664 | C388: =ROUND(B388,0)<2 -> FALSE | D388: =B388>50000 -> TRUE
A389: Grand Total | B389: 31317200 | C389: =ROUND(B389,0)<2 -> FALSE | D389: =B389>50000 -> TRUE

Sheet pivot
A1: Neg? | B1: FALSE
A3: Row Labels | B3: vend_num | C3: contract | D3: resc | E3: site | F3: object | G3: Proj # | H3: cost code | I3: Sum of enc_amt
A4: 3QC | B4: 10123 | C4: 1000000678 | D4: 9745 | E4: 146 | F4: 5890 | G4: 14601206-00 | H4: 412INSP | I4: 7127
A5: 3QC | B5: 10123 | C5: 1000000702 | D5: 9745 | E5: 214 | F5: 5890 | G5: 21401103-00 | H5: 412INSP | I5: 55726
A6: 3QC | B6: 10123 | C6: 1000000710 | D6: 9745 | E6: 112 | F6: 5890 | G6: 11201341-00 | H6: 412INSP | I6: 39969
A7: A3GEO | B7: 10419 | C7: 1000000244 | D7: 9745 | E7: 157 | F7: 5890 | G7: 15701381-02 | H7: 420OSVC | I7: 12909.12
A8: A3GEO | B8: 10419 | C8: 1000000852 | D8: 9745 | E8: 139 | F8: 6190 | G8: 13901215-02 | H8: 204XGEO | I8: 11357.5
A9: A3GEO | B9: 10419 | C9: 1000001345 | D9: 9745 | E9: 123 | F9: 6190 | G9: 12301349-00 | H9: 204XGEO | I9: 5890
A10: A3GEO | B10: 10419 | C10: 1000001346 | D10: 9745 | E10: 122 | F10: 6190 | G10: 12201357-04 | H10: 204XGEO | I10: 2918
A11: ACUMEN INDUSTRIAL HYGENE INC | B11: 12885 | C11: 1000000351 | D11: 9745 | E11: 210 | F11: 5860 | G11: 21001101-09 | H11: 324XSPC | I11: 18251.44
A12: AE3 PARTNERS INC | B12: 12152 | C12: 1000000415 | D12: 9745 | E12: 615 | F12: 6201 | G12: 61510054-00 | H12: 316XAOR | I12: 39960
A13: AE3 PARTNERS INC | B13: 12152 | C13: 1000000415 | D13: 9748 | E13: 669 | F13: 6201 | G13: 66910054-00 | H13: 316XAOR | I13: 7140
A14: AE3 PARTNERS INC | B14: 12152 | C14: 1000000623 | D14: 9745 | E14: 145 | F14: 6201 | G14: 14501612-13 | H14: 316XAOR | I14: 5240
A15: AE3 PARTNERS INC | B15: 12152 | C15: 1000000624 | D15: 9745 | E15: 145 | F15: 6201 | G15: 14501612-04 | H15: 316XAOR | I15: 8928
... A423: ZOVICH CONSTRUCTION | B423: 10426 | C423: 1000000729 | D423: 9745 | E423: 146 | F423: 6211 | G423: 14601206-04 | H423: 500XXBB | I423: 952328.29
A424: Grand Total | I424: 31317197

Sheet Contractors
A1: Bond Construction Contract Balances as of June 30, 2014
A2: Site | B2: Contractor | C2: Project | D2: Project # | E2: Contract # | F2: Contr# | G2: DSA# | H2: NTP | I2: Original Award | J2: Change Orders as of 6/30/2014 | K2: Contract Balance with values paid as of 6/30/2014 | M2: Final FY 13/14 Invoice | N2: Contract Balance with values invoiced as of 6/30/2014
A3: Korematsu MS (Portola) | B3: Arntz Builders | C3: New School | D3: 2141103-06 | E3: 1 000 000 357 | F3: 1000000357 | G3: 01-111965 | H3: 41407 | I3: 42762406 | J3: 328839.29 | K3: 32288598 | L3: -2149390.5 | M3: $2,149,390.46 invoiced 6/30/2014 | N3: =SUM(K3:L3) -> 30139208
A4: Kennedy HS | B4: Arntz Builders | C4: Richmond Swim Center | D4: 3601364-01 | E4: 1 000 000 406 | F4: 1000000406 | G4: 01-112940 | H4: 41757 | I4: 7642921 | J4: 0 | K4: 7642921 | N4: =SUM(K4:L4) -> 7642921
A5: Murpy ES | B5: Arthulia, Inc. | C5: Skylight Replacement | D5: 1421223-14 | E5: 1 000 001 357 | F5: 1000001357 | G5: NA | H5: 41799 | I5: 56000 | J5: 0 | K5: 56000 | L5: -6300 | M5: $6,300 invoiced 6/23/2014 | N5: =SUM(K5:L5) -> 49700
A6: Helms MS | B6: Arthulia, Inc. | C6: Environment & Recycling Center | D6: 2101101-08 | E6: 1 000 001 397 | F6: 1000001397 | G6: 01-107854 | H6: NOA 6/11/2014 | I6: 118050 | J6: 0 | K6: 118050 | N6: =SUM(K6:L6) -> 118050
A7: Pinole Valley HS | B7: Bay Cities Paving & Grading, Inc. | C7: Detention Basin, Utilities & Paving | D7: 3621377-01 | E7: 1 000 000 570 | F7: 1000000570 | G7: 01-112609 | H7: 41590 | I7: 2126744 | J7: 316269.74 | K7: 253335.43 | L7: -159391.24 | M7: $159,391.24 invoiced 6/30/2014 | N7: =SUM(K7:L7) -> 93944.19
A8: Olinda ES Shannon ES | B8: BBJ Electric | C8: Fire Alarm Replacement | D8: 1451612-04 1541223-00 | E8: 1 000 001 343 | F8: 1000001343 | G8: 01-112999 01-113000 | H8: 41786 | I8: 597471 | J8: 0 | K8: 597471 | L8: -251015 | M8: $92,678 invoiced 6/30/2014; $158,337 invoiced 6/30/2014 | N8: =SUM(K8:L8) -> 346456
A9: El Cerrito HS | B9: Bell Products, Inc. | C9: Air Conditioning for Dance Studios and Classrooms | D9: 35410055-00 | E9: 1 000 001 334 | F9: 1000001334 | G9: 01-113606 | H9: 41799 | I9: 98514 | J9: 0 | K9: 98514 | N9: =SUM(K9:L9) -> 98514
A10: Harding ES | B10: BEST Contracting, Inc. | C10: Exterior Repairs & Select Roofing Replacement | D10: 1271223-02 | E10: 1 000 001 399 | F10: 1000001399 | G10: NA | H10: NOA 6/17/2014 | I10: 918600 | J10: 0 | K10: 918600 | N10: =SUM(K10:L10) -> 918600
A11: Kennedy HS | B11: BHM Construction | C11: Science Wing Renovation | D11: 3601211-13 | E11: 1 000 000 518 | F11: 1000000518 | G11: 01-112500 | H11: 41533 | I11: 4136303 | J11: 171099 | K11: 764313.41 | L11: -108615.5 | M11: $108,615 invoiced 6/30/2014 | N11: =SUM(K11:L11) -> 655697.91
A12: Dover ES | B12: EVRA Construction | C12: Parking Improvements & Site Work | D12: 1151201-05 | E12: 1 000 001 360 | F12: 1000001360 | G12: 01-113840 | H12: 41806 | I12: 715000 | J12: 0 | K12: 715000 | N12: =SUM(K12:L12) -> 715000
A13: Collins ES | B13: Hung Construction | C13: Floor, Door & Hardware Replacement | D13: 1101612-03 | E13: 1 000 001 366 | F13: 1000001366 | G13: NA | H13: 41803 | I13: 247500 | J13: 0 | K13: 247500 | L13: -31500 | M13: $31,500 invoiced 6/30/2014 | N13: =SUM(K13:L13) -> 216000
A14: Shannon ES | B14: Hung Construction | C14: Miscellaneous Repairs | D14: 1541223-03 | E14: 1 000 001 371 | F14: 1000001371 | G14: NA | H14: 41801 | I14: 56800 | J14: 0 | K14: 56800 | L14: -44950 | M14: $44,950 invoiced 6/30/2014 | N14: =SUM(K14:L14) -> 11850
A15: Pinole Valley HS | B15: JUV, Inc. | C15: Interim Campus Site Work | D15: 3621377-02 | E15: 1 000 001 299 | F15: 1000001299 | G15: 01-113821 | H15: 41736 | I15: 5530000 | J15: 0 | K15: 2783023 | L15: -671252 | M15: $671,252 invoiced 6/30/2014 | N15: =SUM(K15:L15) -> 2111771
A16: Gompers/LPS | B16: Lathrop Construction Assoc. | C16: New Gompers/LPS Schools | D16: 3581366-05 | E16: 1 000 000 634 | F16: 1000000634 | G16: 01-112197 | H16: 41141 | I16: 53887350 | J16: 811920 | K16: 29940045 | L16: -2307600.8 | M16: $2,307,600.80 invoiced 6/30/2014 | N16: =SUM(K16:L16) -> 27632444
A17: Coronado ES | B17: Lathrop Construction Assoc. | C17: Reconstruction | D17: 1121341-00 | E17: 1 000 000 977 | F17: 1000000977 | G17: 01-111757 | H17: 41645 | I17: 26974910 | J17: 57498 | K17: 21878495 | L17: -779194.39 | M17: $779,194.39 invoiced 6/30/2014 | N17: =SUM(K17:L17) -> 21099300
A18: Downer ES | B18: Maggiora & Ghilotti | C18: Playfield Renovations | D18: 1161224-01 | E18: 1 000 001 332 | F18: 1000001332 | G18: 01-112878 | H18: 41778 | I18: 563226 | J18: 0 | K18: 469796 | L18: -142950 | M18: $142,950 invoiced 6/23/2014 | N18: =SUM(K18:L18) -> 326846
A19: Pinole Valley HS | B19: Maggiora & Ghilotti | C19: Off-Site Parking & Traffic Signal | D19: 3621377-10 | E19: 1 000 001 359 | F19: 1000001359 | G19: NA | H19: 41799 | I19: 833833 | J19: 0 | K19: 833833 | L19: -130175 | M19: $130,175 invoiced 6/30/2014 | N19: =SUM(K19:L19) -> 703658
A20: Pinole MS | B20: Roebbelen Contracting | C20: Soccer & Football Field | D20: 2121102-06 | E20: 1 000 000 481 | F20: 1000000481 | G20: 01-112672 | H20: 41778 | I20: 3959000 | J20: 0 | K20: 3959000 | L20: -777980 | M20: $777,980 invoiced 6/30/2014 | N20: =SUM(K20:L20) -> 3181020
A21: Collins ES | B21: Streamline Builders | C21: Restroom Renovations | D21: 1101612-06 | E21: 1 000 001 367 | F21: 1000001367 | G21: NA | H21: 41799 | I21: 184800 | J21: 0 | K21: 184800 | N21: =SUM(K21:L21) -> 184800
A22: Olinda ES | B22: Streamline Builders | C22: Miscellaneous Repairs | D22: 1451612-15 | E22: 1 000 001 368 | F22: 1000001368 | G22: NA | H22: 6/9/20147 | I22: 89000 | J22: 0 | K22: 89000 | N22: =SUM(K22:L22) -> 89000
A23: Ohlone ES | B23: Trinet Construction | C23: Interim Housing | D23: 1461206-02 | E23: 1 000 001 375 | F23: 1000001375 | G23: 01-113830 | H23: 41803 | I23: 1364000 | J23: 0 | K23: 1364000 | L23: -160651 | M23: $160,651 invoiced 6/30/2014 | N23: =SUM(K23:L23) -> 1203349
A24: Montalvin ES | B24: W.A. Thomas Company | C24: New Classroom Building | D24: 1401347-00 | E24: 1 000 000 965 | F24: 1000000965 | G24: 01-113044 | H24: 41673 | I24: 2843000 | J24: 8177 | K24: 2140609.2 | L24: -313350.34 | M24: $313,350.34 invoiced 6/30/2014 | N24: =SUM(K24:L24) -> 1827258.9
A25: El Cerrito HS | B25: Wright Contracting, Inc. | C25: Stadium | D25: 3541348-00 | E25: 1 000 000 480 | F25: 1000000480 | G25: 01-112434 | H25: 41666 | I25: 13438000 | J25: 0 | K25: 12085337 | L25: -1699061 | M25: $601,927 invoiced 6/26/2014; $1,097,134 invoiced 7/1/2014 | N25: =SUM(K25:L25) -> 10386276
A26: DeAnza HS | B26: Wright Contracting, Inc. | C26: Main Campus & Utilities | D26: 3521208-01 | E26: J068194 1 000 000 696 | F26: 1000000696 | G26: 01-109377 | H26: 40315 | I26: 62508000 | J26: 7687973 | K26: 259332 | N26: =SUM(K26:L26) -> 259332
A27: Ohlone ES | B27: Zovich & Sons, Inc. | C27: Phase 1&2 Campus Replacement | D27: 1461206-04 | E27: J068272 1 000 000 729 | F27: 1000000729 | G27: 01-111365 | H27: 40756 | I27: 16961000 | J27: 1903596.5 | K27: 2019385.9 | L27: -193006.4 | M27: $193,006.40 invoiced 6/30/2014 | N27: =SUM(K27:L27) -> 1826379.5
K29: =SUM(K3:K27) -> 1.2176376e+08 | N29: =SUM(N3:N27) -> 1.1183738e+08

Sheet AOR
A1: Contract Balance as of 6/30/2014
A2: Contract | B2: Vendor | C2: Project | D2: Description | E2: Balance
A3: 1000000817 | B3: AE3 PARTNERS INC(12152) | C3: 01223 | D3: SHANNON DESIGN CONTRACT | E3: 1310
A4: 1000000623 | B4: AE3 PARTNERS INC(12152) | C4: 01612 | D4: OLINDA DESIGN CONTRACT | E4: 2620
A5: 1000000800 | B5: AE3 PARTNERS INC(12152) | C5: 01612 | D5: COLLINS DESIGN CONTRACT | E5: 3070
A6: 1000000753 | B6: AE3 PARTNERS INC(12152) | C6: 01223 | D6: SHELDON DESIGN CONTRACT | E6: 4196
A7: 1000000752 | B7: AE3 PARTNERS INC(12152) | C7: 01223 | D7: MURPHY DESIGN CONTRACT | E7: 4334
A8: 1000000818 | B8: AE3 PARTNERS INC(12152) | C8: 01223 | D8: SHANNON DESIGN CONTRACT | E8: 4856
A9: 1000000754 | B9: AE3 PARTNERS INC(12152) | C9: 01223 | D9: MIRA VISTA DESIGN CONTRACT | E9: 5547
A10: 1000000624 | B10: AE3 PARTNERS INC(12152) | C10: 01612 | D10: OLINDA DESIGN CONTRACT | E10: 8928
A11: 1000000801 | B11: AE3 PARTNERS INC(12152) | C11: 01612 | D11: COLLINS DESIGN CONTRACT | E11: 11670
A12: 1000000415 | B12: AE3 PARTNERS INC(12152) | C12: 10054 | D12: FOC-SEAVIEW - DESIGN SERVICES | E12: 84355.6
A13: 1000000796 | B13: ARCHITECTS MA(10530) | C13: 01364 | D13: KENNEDY DESIGN CONTRACT | E13: 78250
A14: 1000001302 | B14: BAKER VILAR ARCHITECTS(11310) | C14: 10068 | D14: HELMS MS - DENTAL CLINIC FEASIBILITY & MASTER PLAN | E14: 7932
... A33: 1000000791 | B33: HAMILTON AND AITKEN ARCHITECTS(11309) | C33: 01612 | D33: LAKE DESIGN CONTRACT | E33: 9133.24
A34: 1000001424 | B34: HAMILTON AND AITKEN ARCHITECTS(11309) | D34: ELLERHORST NEEDS ASSESSMENT | E34: 45180
A35: 1000001281 | B35: HAMILTON AND AITKEN ARCHITECTS(11309) | C35: 10038 | D35: CAMERON - MASTER PLANNING | E35: 89519.52
A36: 1000000920 | B36: HIBSER YAMAUCHI ARCHITECTS INC(10631) | C36: 10060 | D36: LINCOLN ES - OPSC HARDSHIP APPLICATION | E36: 408.5
A37: 1000000942 | B37: HIBSER YAMAUCHI ARCHITECTS INC(10631) | C37: 01223 | D37: DESIGN SERVICES - KENSINGTON ES MOISTURE ABATEMENT | E37: 572.17
A38: 1000000750 | B38: HIBSER YAMAUCHI ARCHITECTS INC(10631) | C38: 01223 | D38: KENSINGTON DESIGN CONTRACT | E38: 743.4
A39: 1000000737 | B39: HIBSER YAMAUCHI ARCHITECTS INC(10631) | C39: 01390 | D39: PERES DESIGN CONTRACT | E39: 1928.56
A40: 1000000797 | B40: HIBSER YAMAUCHI ARCHITECTS INC(10631) | C40: 01215 | D40: CENTRAL FACILITIES DESIGN CONTRACT | E40: 3758
A41: 1000000968 | B41: HIBSER YAMAUCHI ARCHITECTS INC(10631) | C41: 01206 | D41: OHLONE NEW CAMPUS - FF&E DESIGN AND PLANNING | E41: 24126.75
A42: 1000000745 | B42: HIBSER YAMAUCHI ARCHITECTS INC(10631) | C42: 01390 | D42: PERES DESIGN CONTRACT | E42: 46499.68
A43: 1000000673 | B43: HIBSER YAMAUCHI ARCHITECTS INC(10631) | C43: 01201 | D43: DOVER DESIGN CONTRACT | E43: 125695.42
A44: 1000000693 | B44: HIBSER YAMAUCHI ARCHITECTS INC(10631) | C44: 01103 | D44: KOREMATSU - DESIGN CONTRACT | E44: 712114.98
A45: 1000000919 | B45: HIBSER YAMAUCHI ARCHITECTS INC(10631) | C45: 01356 | D45: HERCULES SCI AND CULINARY BLDG - SCHEMATIC DESIGN | E45: 1483933.5
A46: 1000001324 | B46: HIBSER YAMAUCHI ARCHITECTS INC(10631) | C46: 01349 | D46: FAIRMONT - DESIGN SERVICES | E46: 1592440
... A67: 1000000716 | B67: WLC ARCHITECTS INC(11041) | C67: 01377 | D67: PINOLE VALLEY DESIGN CONTRACT | E67: 1316795.9
E69: =SUM(E3:E67) -> 17714633

Sheet Encumbrances
A1: Vendor Name | B1: vend num | C1: contract | D1: Bond | E1: resc | F1: site | G1: object | H1: Proj # | I1: cost code | J1: Amount frm Munis | K1: x | L1: Main Contractors | M1: AOR | N1: Increase | O1: Total
A2: Contracts
A3: ARTHULIA INC | B3: 10601 | C3: 1000001397 | D3: 2010D | E3: 9745 | F3: 210 | G3: 6211 | H3: 2101101-08 | I3: 508XCTC | L3: =IF(ISERROR(MATCH(C3,Contractors!F$2:F$27,FALSE)),"",INDEX(Contractors!N$2:N$27,MATCH(C3,Contractors!F$2:F$27,FALSE),1)) -> 118050 | M3: =IF(ISERROR(MATCH(C3,AOR!A$2:A$67,FALSE)),"",INDEX(AOR!E$2:E$67,MATCH(C3,AOR!A$2:A$67,FALSE),1)) | N3: =IF(SUM(L3:M3)<=J3,"",SUM(L3:M3)-J3) -> 118050 | O3: =IF(SUM(L3:M3)<J3,J3,SUM(L3:M3)) -> 118050
A4: BEST CONTRACTING, INC. | C4: 1000001399 | D4: 2010D | E4: 9745 | F4: 127 | G4: 6211 | H4: 1271223-02 | I4: 500XXBB | L4: =IF(ISERROR(MATCH(C4,Contractors!F$2:F$27,FALSE)),"",INDEX(Contractors!N$2:N$27,MATCH(C4,Contractors!F$2:F$27,FALSE),1)) -> 918600 | N4: =IF(SUM(L4:M4)<=J4,"",SUM(L4:M4)-J4) -> 918600 | O4: =IF(SUM(L4:M4)<J4,J4,SUM(L4:M4)) -> 918600
A5: HAMILTON AND AITKEN ARCHITECTS | B5: 11309 | C5: 1000001424 | D5: 2012E | E5: 9748 | F5: 117 | G5: 6201 | H5: 117???? | I5: 316XAOR | L5: =IF(ISERROR(MATCH(C5,Contractors!F$2:F$27,FALSE)),"",INDEX(Contractors!N$2:N$27,MATCH(C5,Contractors!F$2:F$27,FALSE),1)) | M5: =IF(ISERROR(MATCH(C5,AOR!A$2:A$67,FALSE)),"",INDEX(AOR!E$2:E$67,MATCH(C5,AOR!A$2:A$67,FALSE),1)) -> 45180 | N5: =IF(SUM(L5:M5)<=J5,"",SUM(L5:M5)-J5) -> 45180 | O5: =IF(SUM(L5:M5)<J5,J5,SUM(L5:M5)) -> 45180
A6: 3QC | B6: 10123 | C6: 1000000678 | D6: 2010D | E6: 9745 | F6: 146 | G6: 5890 | H6: 14601206-00 | I6: 412INSP | J6: 7127 | L6: =IF(ISERROR(MATCH(C6,Contractors!F$2:F$27,FALSE)),"",INDEX(Contractors!N$2:N$27,MATCH(C6,Contractors!F$2:F$27,FALSE),1)) | M6: =IF(ISERROR(MATCH(C6,AOR!A$2:A$67,FALSE)),"",INDEX(AOR!E$2:E$67,MATCH(C6,AOR!A$2:A$67,FALSE),1)) | N6: =IF(SUM(L6:M6)<=J6,"",SUM(L6:M6)-J6) | O6: =IF(SUM(L6:M6)<J6,J6,SUM(L6:M6)) -> 7127
A7: 3QC | B7: 10123 | C7: 1000000702 | D7: 2010D | E7: 9745 | F7: 214 | G7: 5890 | H7: 21401103-00 | I7: 412INSP | J7: 55726 | L7: =IF(ISERROR(MATCH(C7,Contractors!F$2:F$27,FALSE)),"",INDEX(Contractors!N$2:N$27,MATCH(C7,Contractors!F$2:F$27,FALSE),1)) | M7: =IF(ISERROR(MATCH(C7,AOR!A$2:A$67,FALSE)),"",INDEX(AOR!E$2:E$67,MATCH(C7,AOR!A$2:A$67,FALSE),1)) | N7: =IF(SUM(L7:M7)<=J7,"",SUM(L7:M7)-J7) | O7: =IF(SUM(L7:M7)<J7,J7,SUM(L7:M7)) -> 55726
A8: 3QC | B8: 10123 | C8: 1000000710 | D8: 2010D | E8: 9745 | F8: 112 | G8: 5890 | H8: 11201341-00 | I8: 412INSP | J8: 39969 | L8: =IF(ISERROR(MATCH(C8,Contractors!F$2:F$27,FALSE)),"",INDEX(Contractors!N$2:N$27,MATCH(C8,Contractors!F$2:F$27,FALSE),1)) | M8: =IF(ISERROR(MATCH(C8,AOR!A$2:A$67,FALSE)),"",INDEX(AOR!E$2:E$67,MATCH(C8,AOR!A$2:A$67,FALSE),1)) | N8: =IF(SUM(L8:M8)<=J8,"",SUM(L8:M8)-J8) | O8: =IF(SUM(L8:M8)<J8,J8,SUM(L8:M8)) -> 39969
A9: A3GEO | B9: 10419 | C9: 1000000244 | D9: 2010D | E9: 9745 | F9: 157 | G9: 5890 | H9: 15701381-02 | I9: 420OSVC | J9: 12909.12 | L9: =IF(ISERROR(MATCH(C9,Contractors!F$2:F$27,FALSE)),"",INDEX(Contractors!N$2:N$27,MATCH(C9,Contractors!F$2:F$27,FALSE),1)) | M9: =IF(ISERROR(MATCH(C9,AOR!A$2:A$67,FALSE)),"",INDEX(AOR!E$2:E$67,MATCH(C9,AOR!A$2:A$67,FALSE),1)) | N9: =IF(SUM(L9:M9)<=J9,"",SUM(L9:M9)-J9) | O9: =IF(SUM(L9:M9)<J9,J9,SUM(L9:M9)) -> 12909.12
A10: A3GEO | B10: 10419 | C10: 1000000852 | D10: 2010D | E10: 9745 | F10: 139 | G10: 6190 | H10: 13901215-02 | I10: 204XGEO | J10: 11357.5 | L10: =IF(ISERROR(MATCH(C10,Contractors!F$2:F$27,FALSE)),"",INDEX(Contractors!N$2:N$27,MATCH(C10,Contractors!F$2:F$27,FALSE),1)) | M10: =IF(ISERROR(MATCH(C10,AOR!A$2:A$67,FALSE)),"",INDEX(AOR!E$2:E$67,MATCH(C10,AOR!A$2:A$67,FALSE),1)) | N10: =IF(SUM(L10:M10)<=J10,"",SUM(L10:M10)-J10) | O10: =IF(SUM(L10:M10)<J10,J10,SUM(L10:M10)) -> 11357.5
A11: A3GEO | B11: 10419 | C11: 1000001345 | D11: 2010D | E11: 9745 | F11: 123 | G11: 6190 | H11: 12301349-00 | I11: 204XGEO | J11: 5890 | L11: =IF(ISERROR(MATCH(C11,Contractors!F$2:F$27,FALSE)),"",INDEX(Contractors!N$2:N$27,MATCH(C11,Contractors!F$2:F$27,FALSE),1)) | M11: =IF(ISERROR(MATCH(C11,AOR!A$2:A$67,FALSE)),"",INDEX(AOR!E$2:E$67,MATCH(C11,AOR!A$2:A$67,FALSE),1)) | N11: =IF(SUM(L11:M11)<=J11,"",SUM(L11:M11)-J11) | O11: =IF(SUM(L11:M11)<J11,J11,SUM(L11:M11)) -> 5890
A12: A3GEO | B12: 10419 | C12: 1000001346 | D12: 2010D | E12: 9745 | F12: 122 | G12: 6190 | H12: 12201357-04 | I12: 204XGEO | J12: 2918 | L12: =IF(ISERROR(MATCH(C12,Contractors!F$2:F$27,FALSE)),"",INDEX(Contractors!N$2:N$27,MATCH(C12,Contractors!F$2:F$27,FALSE),1)) | M12: =IF(ISERROR(MATCH(C12,AOR!A$2:A$67,FALSE)),"",INDEX(AOR!E$2:E$67,MATCH(C12,AOR!A$2:A$67,FALSE),1)) | N12: =IF(SUM(L12:M12)<=J12,"",SUM(L12:M12)-J12) | O12: =IF(SUM(L12:M12)<J12,J12,SUM(L12:M12)) -> 2918
A13: ACUMEN INDUSTRIAL HYGENE INC | B13: 12885 | C13: 1000000351 | D13: 2010D | E13: 9745 | F13: 210 | G13: 5860 | H13: 21001101-09 | I13: 324XSPC | J13: 18251.44 | L13: =IF(ISERROR(MATCH(C13,Contractors!F$2:F$27,FALSE)),"",INDEX(Contractors!N$2:N$27,MATCH(C13,Contractors!F$2:F$27,FALSE),1)) | M13: =IF(ISERROR(MATCH(C13,AOR!A$2:A$67,FALSE)),"",INDEX(AOR!E$2:E$67,MATCH(C13,AOR!A$2:A$67,FALSE),1)) | N13: =IF(SUM(L13:M13)<=J13,"",SUM(L13:M13)-J13) | O13: =IF(SUM(L13:M13)<J13,J13,SUM(L13:M13)) -> 18251.44
A14: AE3 PARTNERS INC | B14: 12152 | C14: 1000000415 | D14: 2010D | E14: 9745 | F14: 615 | G14: 6201 | H14: 61510054-00 | I14: 316XAOR | J14: 39960 | L14: =IF(ISERROR(MATCH(C14,Contractors!F$2:F$27,FALSE)),"",INDEX(Contractors!N$2:N$27,MATCH(C14,Contractors!F$2:F$27,FALSE),1)) | M14: =IF(ISERROR(MATCH(C14,AOR!A$2:A$67,FALSE)),"",INDEX(AOR!E$2:E$67,MATCH(C14,AOR!A$2:A$67,FALSE),1))-M15 -> 77215.6 | N14: =IF(SUM(L14:M14)<=J14,"",SUM(L14:M14)-J14) -> 37255.6 | O14: =IF(SUM(L14:M14)<J14,J14,SUM(L14:M14)) -> 77215.6
A15: AE3 PARTNERS INC | B15: 12152 | C15: 1000000415 | D15: 2012E | E15: 9748 | F15: 669 | G15: 6201 | H15: 66910054-00 | I15: 316XAOR | J15: 7140 | L15: =IF(ISERROR(MATCH(C15,Contractors!F$2:F$27,FALSE)),"",INDEX(Contractors!N$2:N$27,MATCH(C15,Contractors!F$2:F$27,FALSE),1)) | M15: =J15 -> 7140 | N15: =IF(SUM(L15:M15)<=J15,"",SUM(L15:M15)-J15) | O15: =IF(SUM(L15:M15)<J15,J15,SUM(L15:M15)) -> 7140
A16: AE3 PARTNERS INC | B16: 12152 | C16: 1000000623 | D16: 2010D | E16: 9745 | F16: 145 | G16: 6201 | H16: 14501612-13 | I16: 316XAOR | J16: 5240 | L16: =IF(ISERROR(MATCH(C16,Contractors!F$2:F$27,FALSE)),"",INDEX(Contractors!N$2:N$27,MATCH(C16,Contractors!F$2:F$27,FALSE),1)) | M16: =IF(ISERROR(MATCH(C16,AOR!A$2:A$67,FALSE)),"",INDEX(AOR!E$2:E$67,MATCH(C16,AOR!A$2:A$67,FALSE),1)) -> 2620 | N16: =IF(SUM(L16:M16)<=J16,"",SUM(L16:M16)-J16) | O16: =IF(SUM(L16:M16)<J16,J16,SUM(L16:M16)) -> 5240
A17: AE3 PARTNERS INC | B17: 12152 | C17: 1000000624 | D17: 2010D | E17: 9745 | F17: 145 | G17: 6201 | H17: 14501612-04 | I17: 316XAOR | J17: 8928 | L17: =IF(ISERROR(MATCH(C17,Contractors!F$2:F$27,FALSE)),"",INDEX(Contractors!N$2:N$27,MATCH(C17,Contractors!F$2:F$27,FALSE),1)) | M17: =IF(ISERROR(MATCH(C17,AOR!A$2:A$67,FALSE)),"",INDEX(AOR!E$2:E$67,MATCH(C17,AOR!A$2:A$67,FALSE),1)) -> 8928 | N17: =IF(SUM(L17:M17)<=J17,"",SUM(L17:M17)-J17) | O17: =IF(SUM(L17:M17)<J17,J17,SUM(L17:M17)) -> 8928
A18: AE3 PARTNERS INC | B18: 12152 | C18: 1000000752 | D18: 2010D | E18: 9745 | F18: 142 | G18: 6201 | H18: 14201223-18 | I18: 316XAOR | J18: 4334 | L18: =IF(ISERROR(MATCH(C18,Contractors!F$2:F$27,FALSE)),"",INDEX(Contractors!N$2:N$27,MATCH(C18,Contractors!F$2:F$27,FALSE),1)) | M18: =IF(ISERROR(MATCH(C18,AOR!A$2:A$67,FALSE)),"",INDEX(AOR!E$2:E$67,MATCH(C18,AOR!A$2:A$67,FALSE),1)) -> 4334 | N18: =IF(SUM(L18:M18)<=J18,"",SUM(L18:M18)-J18) | O18: =IF(SUM(L18:M18)<J18,J18,SUM(L18:M18)) -> 4334
A19: AE3 PARTNERS INC | B19: 12152 | C19: 1000000753 | D19: 2010D | E19: 9745 | F19: 155 | G19: 6201 | H19: 15501223-20 | I19: 316XAOR | J19: 4196 | L19: =IF(ISERROR(MATCH(C19,Contractors!F$2:F$27,FALSE)),"",INDEX(Contractors!N$2:N$27,MATCH(C19,Contractors!F$2:F$27,FALSE),1)) | M19: =IF(ISERROR(MATCH(C19,AOR!A$2:A$67,FALSE)),"",INDEX(AOR!E$2:E$67,MATCH(C19,AOR!A$2:A$67,FALSE),1)) -> 4196 | N19: =IF(SUM(L19:M19)<=J19,"",SUM(L19:M19)-J19) | O19: =IF(SUM(L19:M19)<J19,J19,SUM(L19:M19)) -> 4196
A20: AE3 PARTNERS INC | B20: 12152 | C20: 1000000754 | D20: 2010D | E20: 9745 | F20: 139 | G20: 6201 | H20: 13901223-18 | I20: 316XAOR | J20: 5547 | L20: =IF(ISERROR(MATCH(C20,Contractors!F$2:F$27,FALSE)),"",INDEX(Contractors!N$2:N$27,MATCH(C20,Contractors!F$2:F$27,FALSE),1)) | M20: =IF(ISERROR(MATCH(C20,AOR!A$2:A$67,FALSE)),"",INDEX(AOR!E$2:E$67,MATCH(C20,AOR!A$2:A$67,FALSE),1)) -> 5547 | N20: =IF(SUM(L20:M20)<=J20,"",SUM(L20:M20)-J20) | O20: =IF(SUM(L20:M20)<J20,J20,SUM(L20:M20)) -> 5547
A21: AE3 PARTNERS INC | B21: 12152 | C21: 1000000800 | D21: 2010D | E21: 9745 | F21: 110 | G21: 6201 | H21: 11001612-03 | I21: 316XAOR | J21: 3070 | L21: =IF(ISERROR(MATCH(C21,Contractors!F$2:F$27,FALSE)),"",INDEX(Contractors!N$2:N$27,MATCH(C21,Contractors!F$2:F$27,FALSE),1)) | M21: =IF(ISERROR(MATCH(C21,AOR!A$2:A$67,FALSE)),"",INDEX(AOR!E$2:E$67,MATCH(C21,AOR!A$2:A$67,FALSE),1)) -> 3070 | N21: =IF(SUM(L21:M21)<=J21,"",SUM(L21:M21)-J21) | O21: =IF(SUM(L21:M21)<J21,J21,SUM(L21:M21)) -> 3070
A22: AE3 PARTNERS INC | B22: 12152 | C22: 1000000801 | D22: 2010D | E22: 9745 | F22: 110 | G22: 6201 | H22: 11001612-06 | I22: 316XAOR | J22: 11670 | L22: =IF(ISERROR(MATCH(C22,Contractors!F$2:F$27,FALSE)),"",INDEX(Contractors!N$2:N$27,MATCH(C22,Contractors!F$2:F$27,FALSE),1)) | M22: =IF(ISERROR(MATCH(C22,AOR!A$2:A$67,FALSE)),"",INDEX(AOR!E$2:E$67,MATCH(C22,AOR!A$2:A$67,FALSE),1)) -> 11670 | N22: =IF(SUM(L22:M22)<=J22,"",SUM(L22:M22)-J22) | O22: =IF(SUM(L22:M22)<J22,J22,SUM(L22:M22)) -> 11670
A23: AE3 PARTNERS INC | B23: 12152 | C23: 1000000817 | D23: 2010D | E23: 9745 | F23: 154 | G23: 6201 | H23: 15401223-00 | I23: 316XAOR | J23: 2620 | L23: =IF(ISERROR(MATCH(C23,Contractors!F$2:F$27,FALSE)),"",INDEX(Contractors!N$2:N$27,MATCH(C23,Contractors!F$2:F$27,FALSE),1)) | M23: =IF(ISERROR(MATCH(C23,AOR!A$2:A$67,FALSE)),"",INDEX(AOR!E$2:E$67,MATCH(C23,AOR!A$2:A$67,FALSE),1)) -> 1310 | N23: =IF(SUM(L23:M23)<=J23,"",SUM(L23:M23)-J23) | O23: =IF(SUM(L23:M23)<J23,J23,SUM(L23:M23)) -> 2620
A24: AE3 PARTNERS INC | B24: 12152 | C24: 1000000818 | D24: 2010D | E24: 9745 | F24: 154 | G24: 6201 | H24: 15401223-00 | I24: 316XAOR | J24: 4856 | L24: =IF(ISERROR(MATCH(C24,Contractors!F$2:F$27,FALSE)),"",INDEX(Contractors!N$2:N$27,MATCH(C24,Contractors!F$2:F$27,FALSE),1)) | M24: =IF(ISERROR(MATCH(C24,AOR!A$2:A$67,FALSE)),"",INDEX(AOR!E$2:E$67,MATCH(C24,AOR!A$2:A$67,FALSE),1)) -> 4856 | N24: =IF(SUM(L24:M24)<=J24,"",SUM(L24:M24)-J24) | O24: =IF(SUM(L24:M24)<J24,J24,SUM(L24:M24)) -> 4856
A25: AEKO CONSULTING SOLUTIONS INTEGRATORS | B25: 10474 | C25: 1000000614 | D25: 2010D | E25: 9745 | F25: 615 | G25: 6207 | H25: 61501396-01 | I25: 348XOPL | J25: 166080 | L25: =IF(ISERROR(MATCH(C25,Contractors!F$2:F$27,FALSE)),"",INDEX(Contractors!N$2:N$27,MATCH(C25,Contractors!F$2:F$27,FALSE),1)) | M25: =IF(ISERROR(MATCH(C25,AOR!A$2:A$67,FALSE)),"",INDEX(AOR!E$2:E$67,MATCH(C25,AOR!A$2:A$67,FALSE),1)) | N25: =IF(SUM(L25:M25)<=J25,"",SUM(L25:M25)-J25) | O25: =IF(SUM(L25:M25)<J25,J25,SUM(L25:M25)) -> 166080
A26: ALAN KROPP AND ASSOCIATES INC | B26: 10066 | C26: 1000000210 | D26: 2010D | E26: 9745 | F26: 214 | G26: 6190 | H26: 21401103-09 | I26: 204XGEO | J26: 9803.95 | L26: =IF(ISERROR(MATCH(C26,Contractors!F$2:F$27,FALSE)),"",INDEX(Contractors!N$2:N$27,MATCH(C26,Contractors!F$2:F$27,FALSE),1)) | M26: =IF(ISERROR(MATCH(C26,AOR!A$2:A$67,FALSE)),"",INDEX(AOR!E$2:E$67,MATCH(C26,AOR!A$2:A$67,FALSE),1)) | N26: =IF(SUM(L26:M26)<=J26,"",SUM(L26:M26)-J26) | O26: =IF(SUM(L26:M26)<J26,J26,SUM(L26:M26)) -> 9803.95
A27: ALAN KROPP AND ASSOCIATES INC | B27: 10066 | C27: 1000000643 | D27: 2010D | E27: 9745 | F27: 212 | G27: 6190 | H27: 21201102-01 | I27: 204XGEO | J27: 50277.75 | L27: =IF(ISERROR(MATCH(C27,Contractors!F$2:F$27,FALSE)),"",INDEX(Contractors!N$2:N$27,MATCH(C27,Contractors!F$2:F$27,FALSE),1)) | M27: =IF(ISERROR(MATCH(C27,AOR!A$2:A$67,FALSE)),"",INDEX(AOR!E$2:E$67,MATCH(C27,AOR!A$2:A$67,FALSE),1)) | N27: =IF(SUM(L27:M27)<=J27,"",SUM(L27:M27)-J27) | O27: =IF(SUM(L27:M27)<J27,J27,SUM(L27:M27)) -> 50277.75
... A58: BAYSIDE PEST CONTROL | B58: 12339 | C58: 1000000949 | D58: 2010D | E58: 9745 | F58: 354 | G58: 5890 | H58: 35401348-00 | I58: 420OSVC | J58: 350 | L58: =IF(ISERROR(MATCH(C58,Contractors!F$2:F$27,FALSE)),"",INDEX(Contractors!N$2:N$27,MATCH(C58,Contractors!F$2:F$27,FALSE),1)) | M58: =IF(ISERROR(MATCH(C58,AOR!A$2:A$67,FALSE)),"",INDEX(AOR!E$2:E$67,MATCH(C58,AOR!A$2:A$67,FALSE),1)) | N58: =IF(SUM(L58:M58)<=J58,"",SUM(L58:M58)-J58) | O58: =IF(SUM(L58:M58)<J58,J58,SUM(L58:M58)) -> 350
A59: BBJ ELECTRIC INC | B59: 12955 | C59: 1000001343 | D59: 2010D | E59: 9745 | F59: 145 | G59: 6211 | H59: 14501612-04 | I59: 500XXBB | J59: 112367 | L59: =J59 -> 112367 | M59: =IF(ISERROR(MATCH(C59,AOR!A$2:A$67,FALSE)),"",INDEX(AOR!E$2:E$67,MATCH(C59,AOR!A$2:A$67,FALSE),1)) | N59: =IF(SUM(L59:M59)<=J59,"",SUM(L59:M59)-J59) | O59: =IF(SUM(L59:M59)<J59,J59,SUM(L59:M59)) -> 112367
A60: BBJ ELECTRIC INC | B60: 12955 | C60: 1000001343 | D60: 2010D | E60: 9745 | F60: 154 | G60: 6211 | H60: 15401223-00 | I60: 500XXBB | J60: 204089 | L60: =IF(ISERROR(MATCH(C60,Contractors!F$2:F$27,FALSE)),"",INDEX(Contractors!N$2:N$27,MATCH(C60,Contractors!F$2:F$27,FALSE),1))-L59 -> 234089 | M60: =IF(ISERROR(MATCH(C60,AOR!A$2:A$67,FALSE)),"",INDEX(AOR!E$2:E$67,MATCH(C60,AOR!A$2:A$67,FALSE),1)) | N60: =IF(SUM(L60:M60)<=J60,"",SUM(L60:M60)-J60) -> 30000 | O60: =IF(SUM(L60:M60)<J60,J60,SUM(L60:M60)) -> 234089
A61: BELL PRODUCTS INC | B61: 14364 | C61: 1000001334 | D61: 2010D | E61: 9745 | F61: 354 | G61: 6211 | H61: 35410055-00 | I61: 500XXBB | J61: 98514 | L61: =IF(ISERROR(MATCH(C61,Contractors!F$2:F$27,FALSE)),"",INDEX(Contractors!N$2:N$27,MATCH(C61,Contractors!F$2:F$27,FALSE),1)) -> 98514 | M61: =IF(ISERROR(MATCH(C61,AOR!A$2:A$67,FALSE)),"",INDEX(AOR!E$2:E$67,MATCH(C61,AOR!A$2:A$67,FALSE),1)) | N61: =IF(SUM(L61:M61)<=J61,"",SUM(L61:M61)-J61) | O61: =IF(SUM(L61:M61)<J61,J61,SUM(L61:M61)) -> 98514
A62: BETHEL ELECTRIC | B62: 10641 | C62: 1000000898 | D62: 2010D | E62: 9745 | F62: 360 | G62: 6219 | H62: 36001364-06 | I62: 508XCTC | J62: 185.47 | L62: =IF(ISERROR(MATCH(C62,Contractors!F$2:F$27,FALSE)),"",INDEX(Contractors!N$2:N$27,MATCH(C62,Contractors!F$2:F$27,FALSE),1)) | M62: =IF(ISERROR(MATCH(C62,AOR!A$2:A$67,FALSE)),"",INDEX(AOR!E$2:E$67,MATCH(C62,AOR!A$2:A$67,FALSE),1)) | N62: =IF(SUM(L62:M62)<=J62,"",SUM(L62:M62)-J62) | O62: =IF(SUM(L62:M62)<J62,J62,SUM(L62:M62)) -> 185.47
A63: BETHEL ELECTRIC | B63: 10641 | C63: 1000001421 | D63: 2010D | E63: 9745 | F63: 360 | G63: 5890 | H63: 36001211-13 | I63: 420OSVC | J63: 874.06 | L63: =IF(ISERROR(MATCH(C63,Contractors!F$2:F$27,FALSE)),"",INDEX(Contractors!N$2:N$27,MATCH(C63,Contractors!F$2:F$27,FALSE),1)) | M63: =IF(ISERROR(MATCH(C63,AOR!A$2:A$67,FALSE)),"",INDEX(AOR!E$2:E$67,MATCH(C63,AOR!A$2:A$67,FALSE),1)) | N63: =IF(SUM(L63:M63)<=J63,"",SUM(L63:M63)-J63) | O63: =IF(SUM(L63:M63)<J63,J63,SUM(L63:M63)) -> 874.06
A64: BHM CONSTRUCTION, INC | B64: 13370 | C64: 1000000518 | D64: 2010D | E64: 9745 | F64: 360 | G64: 6211 | H64: 36001211-13 | I64: 500XXBB | J64: 362120.19 | L64: =IF(ISERROR(MATCH(C64,Contractors!F$2:F$27,FALSE)),"",INDEX(Contractors!N$2:N$27,MATCH(C64,Contractors!F$2:F$27,FALSE),1)) -> 655697.91 | M64: =IF(ISERROR(MATCH(C64,AOR!A$2:A$67,FALSE)),"",INDEX(AOR!E$2:E$67,MATCH(C64,AOR!A$2:A$67,FALSE),1)) | N64: =IF(SUM(L64:M64)<=J64,"",SUM(L64:M64)-J64) -> 293577.72 | O64: =IF(SUM(L64:M64)<J64,J64,SUM(L64:M64)) -> 655697.91
A65: BKJM MOVING SERVICES | B65: 14790 | C65: 1000001344 | D65: 2010D | E65: 9745 | F65: 362 | G65: 5890 | H65: 36201377-02 | I65: 420OSVC | J65: 84845.3 | L65: =IF(ISERROR(MATCH(C65,Contractors!F$2:F$27,FALSE)),"",INDEX(Contractors!N$2:N$27,MATCH(C65,Contractors!F$2:F$27,FALSE),1)) | M65: =IF(ISERROR(MATCH(C65,AOR!A$2:A$67,FALSE)),"",INDEX(AOR!E$2:E$67,MATCH(C65,AOR!A$2:A$67,FALSE),1)) | N65: =IF(SUM(L65:M65)<=J65,"",SUM(L65:M65)-J65) | O65: =IF(SUM(L65:M65)<J65,J65,SUM(L65:M65)) -> 84845.3
A66: BPXPRESS REPROGRAPHICS | B66: 12890 | C66: 1000000725 | D66: 2010D | E66: 9745 | F66: 615 | G66: 6207 | H66: 61501396-01 | I66: 752PRNT | J66: 66705.05 | L66: =IF(ISERROR(MATCH(C66,Contractors!F$2:F$27,FALSE)),"",INDEX(Contractors!N$2:N$27,MATCH(C66,Contractors!F$2:F$27,FALSE),1)) | M66: =IF(ISERROR(MATCH(C66,AOR!A$2:A$67,FALSE)),"",INDEX(AOR!E$2:E$67,MATCH(C66,AOR!A$2:A$67,FALSE),1)) | N66: =IF(SUM(L66:M66)<=J66,"",SUM(L66:M66)-J66) | O66: =IF(SUM(L66:M66)<J66,J66,SUM(L66:M66)) -> 66705.05
A67: BUMGARDNER BIOLOGICAL CONSULTING | B67: 10231 | C67: 1000000576 | D67: 2010D | E67: 9745 | F67: 214 | G67: 5860 | H67: 21401103-06 | I67: 324XSPC | J67: 13821.88 | L67: =IF(ISERROR(MATCH(C67,Contractors!F$2:F$27,FALSE)),"",INDEX(Contractors!N$2:N$27,MATCH(C67,Contractors!F$2:F$27,FALSE),1)) | M67: =IF(ISERROR(MATCH(C67,AOR!A$2:A$67,FALSE)),"",INDEX(AOR!E$2:E$67,MATCH(C67,AOR!A$2:A$67,FALSE),1)) | N67: =IF(SUM(L67:M67)<=J67,"",SUM(L67:M67)-J67) | O67: =IF(SUM(L67:M67)<J67,J67,SUM(L67:M67)) -> 13821.88
A68: BUMGARDNER BIOLOGICAL CONSULTING | B68: 10231 | C68: 1000001390 | D68: 2010D | E68: 9745 | F68: 144 | G68: 5860 | H68: 14401205-02 | I68: 324XSPC | J68: 5416.79 | L68: =IF(ISERROR(MATCH(C68,Contractors!F$2:F$27,FALSE)),"",INDEX(Contractors!N$2:N$27,MATCH(C68,Contractors!F$2:F$27,FALSE),1)) | M68: =IF(ISERROR(MATCH(C68,AOR!A$2:A$67,FALSE)),"",INDEX(AOR!E$2:E$67,MATCH(C68,AOR!A$2:A$67,FALSE),1)) | N68: =IF(SUM(L68:M68)<=J68,"",SUM(L68:M68)-J68) | O68: =IF(SUM(L68:M68)<J68,J68,SUM(L68:M68)) -> 5416.79
A69: BUNTON CLIFFORD ASSOCIATES | B69: 11427 | C69: 1000000740 | D69: 2010D | E69: 9745 | F69: 116 | G69: 6201 | H69: 11601223-01 | I69: 316XAOR | J69: 3611.07 | L69: =IF(ISERROR(MATCH(C69,Contractors!F$2:F$27,FALSE)),"",INDEX(Contractors!N$2:N$27,MATCH(C69,Contractors!F$2:F$27,FALSE),1)) | M69: =IF(ISERROR(MATCH(C69,AOR!A$2:A$67,FALSE)),"",INDEX(AOR!E$2:E$67,MATCH(C69,AOR!A$2:A$67,FALSE),1)) -> 3611.07 | N69: =IF(SUM(L69:M69)<=J69,"",SUM(L69:M69)-J69) | O69: =IF(SUM(L69:M69)<J69,J69,SUM(L69:M69)) -> 3611.07
A70: BUNTON CLIFFORD ASSOCIATES | B70: 11427 | C70: 1000000758 | D70: 2010D | E70: 9745 | F70: 116 | G70: 6201 | H70: 11601224-01 | I70: 316XAOR | J70: 24945 | L70: =IF(ISERROR(MATCH(C70,Contractors!F$2:F$27,FALSE)),"",INDEX(Contractors!N$2:N$27,MATCH(C70,Contractors!F$2:F$27,FALSE),1)) | M70: =IF(ISERROR(MATCH(C70,AOR!A$2:A$67,FALSE)),"",INDEX(AOR!E$2:E$67,MATCH(C70,AOR!A$2:A$67,FALSE),1)) -> 31210 | N70: =IF(SUM(L70:M70)<=J70,"",SUM(L70:M70)-J70) -> 6265 | O70: =IF(SUM(L70:M70)<J70,J70,SUM(L70:M70)) -> 31210
A71: BUNTON CLIFFORD ASSOCIATES | B71: 11427 | C71: 1000000798 | D71: 2010D | E71: 9745 | F71: 116 | G71: 6201 | H71: 11601224-01 | I71: 316XAOR | J71: 9805 | L71: =IF(ISERROR(MATCH(C71,Contractors!F$2:F$27,FALSE)),"",INDEX(Contractors!N$2:N$27,MATCH(C71,Contractors!F$2:F$27,FALSE),1)) | M71: =IF(ISERROR(MATCH(C71,AOR!A$2:A$67,FALSE)),"",INDEX(AOR!E$2:E$67,MATCH(C71,AOR!A$2:A$67,FALSE),1)) | N71: =IF(SUM(L71:M71)<=J71,"",SUM(L71:M71)-J71) | O71: =IF(SUM(L71:M71)<J71,J71,SUM(L71:M71)) -> 9805
A72: CALIFORNIA CONSTRUCTORS | B72: 10323 | C72: 1000000569 | D72: 2012E | E72: 9748 | F72: 669 | G72: 6219 | H72: 66910054-00 | I72: 760XCTC | J72: 965 | L72: =IF(ISERROR(MATCH(C72,Contractors!F$2:F$27,FALSE)),"",INDEX(Contractors!N$2:N$27,MATCH(C72,Contractors!F$2:F$27,FALSE),1)) | M72: =IF(ISERROR(MATCH(C72,AOR!A$2:A$67,FALSE)),"",INDEX(AOR!E$2:E$67,MATCH(C72,AOR!A$2:A$67,FALSE),1)) | N72: =IF(SUM(L72:M72)<=J72,"",SUM(L72:M72)-J72) | O72: =IF(SUM(L72:M72)<J72,J72,SUM(L72:M72)) -> 965
... A133: ENOVITY INC | B133: 10116 | C133: 1000000682 | D133: 2010D | E133: 9745 | F133: 352 | G133: 5890 | H133: 35201208-00 | I133: 412INSP | J133: 810.5 | L133: =IF(ISERROR(MATCH(C133,Contractors!F$2:F$27,FALSE)),"",INDEX(Contractors!N$2:N$27,MATCH(C133,Contractors!F$2:F$27,FALSE),1)) | M133: =IF(ISERROR(MATCH(C133,AOR!A$2:A$67,FALSE)),"",INDEX(AOR!E$2:E$67,MATCH(C133,AOR!A$2:A$67,FALSE),1)) | N133: =IF(SUM(L133:M133)<=J133,"",SUM(L133:M133)-J133) | O133: =IF(SUM(L133:M133)<J133,J133,SUM(L133:M133)) -> 810.5
A134: ENOVITY INC | B134: 10116 | C134: 1000000718 | D134: 2010D | E134: 9745 | F134: 358 | G134: 5890 | H134: 35801366-05 | I134: 412INSP | J134: 67191.94 | K134: =SUM(K1:K133) -> 0 | L134: =IF(ISERROR(MATCH(C134,Contractors!F$2:F$27,FALSE)),"",INDEX(Contractors!N$2:N$27,MATCH(C134,Contractors!F$2:F$27,FALSE),1)) | M134: =IF(ISERROR(MATCH(C134,AOR!A$2:A$67,FALSE)),"",INDEX(AOR!E$2:E$67,MATCH(C134,AOR!A$2:A$67,FALSE),1)) | N134: =IF(SUM(L134:M134)<=J134,"",SUM(L134:M134)-J134) | O134: =IF(SUM(L134:M134)<J134,J134,SUM(L134:M134)) -> 67191.94
A135: ENOVITY INC | B135: 10116 | C135: 1000000767 | D135: 2010D | E135: 9745 | F135: 352 | G135: 5890 | H135: 35201208-01 | I135: 412INSP | J135: 774 | L135: =IF(ISERROR(MATCH(C135,Contractors!F$2:F$27,FALSE)),"",INDEX(Contractors!N$2:N$27,MATCH(C135,Contractors!F$2:F$27,FALSE),1)) | M135: =IF(ISERROR(MATCH(C135,AOR!A$2:A$67,FALSE)),"",INDEX(AOR!E$2:E$67,MATCH(C135,AOR!A$2:A$67,FALSE),1)) | N135: =IF(SUM(L135:M135)<=J135,"",SUM(L135:M135)-J135) | O135: =IF(SUM(L135:M135)<J135,J135,SUM(L135:M135)) -> 774
A136: ENVIRONMENTAL TECHNICAL SERVICES INC | B136: 12892 | C136: 1000001405 | D136: 2010D | E136: 9745 | F136: 212 | G136: 5860 | H136: 21201102-06 | I136: 324XSPC | J136: 47610 | L136: =IF(ISERROR(MATCH(C136,Contractors!F$2:F$27,FALSE)),"",INDEX(Contractors!N$2:N$27,MATCH(C136,Contractors!F$2:F$27,FALSE),1)) | M136: =IF(ISERROR(MATCH(C136,AOR!A$2:A$67,FALSE)),"",INDEX(AOR!E$2:E$67,MATCH(C136,AOR!A$2:A$67,FALSE),1)) | N136: =IF(SUM(L136:M136)<=J136,"",SUM(L136:M136)-J136) | O136: =IF(SUM(L136:M136)<J136,J136,SUM(L136:M136)) -> 47610
A137: ERA CONSTRUCTION INC | B137: 10106 | C137: 1000000746 | D137: 2010D | E137: 9745 | F137: 115 | G137: 6219 | H137: 11501201-00 | I137: 508XCTC | J137: 1590 | L137: =IF(ISERROR(MATCH(C137,Contractors!F$2:F$27,FALSE)),"",INDEX(Contractors!N$2:N$27,MATCH(C137,Contractors!F$2:F$27,FALSE),1)) | M137: =IF(ISERROR(MATCH(C137,AOR!A$2:A$67,FALSE)),"",INDEX(AOR!E$2:E$67,MATCH(C137,AOR!A$2:A$67,FALSE),1)) | N137: =IF(SUM(L137:M137)<=J137,"",SUM(L137:M137)-J137) | O137: =IF(SUM(L137:M137)<J137,J137,SUM(L137:M137)) -> 1590
A138: ERA CONSTRUCTION INC | B138: 10106 | C138: 1000000862 | D138: 2010D | E138: 9745 | F138: 364 | G138: 6219 | H138: 36401380-13 | I138: 508XCTC | J138: 3675 | L138: =IF(ISERROR(MATCH(C138,Contractors!F$2:F$27,FALSE)),"",INDEX(Contractors!N$2:N$27,MATCH(C138,Contractors!F$2:F$27,FALSE),1)) | M138: =IF(ISERROR(MATCH(C138,AOR!A$2:A$67,FALSE)),"",INDEX(AOR!E$2:E$67,MATCH(C138,AOR!A$2:A$67,FALSE),1)) | N138: =IF(SUM(L138:M138)<=J138,"",SUM(L138:M138)-J138) | O138: =IF(SUM(L138:M138)<J138,J138,SUM(L138:M138)) -> 3675
A139: ESSEL TECHNOLOGY SERVICES INC | B139: 12887 | C139: 1000000512 | D139: 2010D | E139: 9745 | F139: 360 | G139: 5890 | H139: 36001364-01 | I139: 420OSVC | J139: 12100 | L139: =IF(ISERROR(MATCH(C139,Contractors!F$2:F$27,FALSE)),"",INDEX(Contractors!N$2:N$27,MATCH(C139,Contractors!F$2:F$27,FALSE),1)) | M139: =IF(ISERROR(MATCH(C139,AOR!A$2:A$67,FALSE)),"",INDEX(AOR!E$2:E$67,MATCH(C139,AOR!A$2:A$67,FALSE),1)) | N139: =IF(SUM(L139:M139)<=J139,"",SUM(L139:M139)-J139) | O139: =IF(SUM(L139:M139)<J139,J139,SUM(L139:M139)) -> 12100
A140: EVRA CONSTRUCTION INC | B140: 14714 | C140: 1000001360 | D140: 2010D | E140: 9745 | F140: 115 | G140: 6211 | H140: 11501201-05 | I140: 500XXBB | J140: 715000 | L140: =IF(ISERROR(MATCH(C140,Contractors!F$2:F$27,FALSE)),"",INDEX(Contractors!N$2:N$27,MATCH(C140,Contractors!F$2:F$27,FALSE),1)) -> 715000 | M140: =IF(ISERROR(MATCH(C140,AOR!A$2:A$67,FALSE)),"",INDEX(AOR!E$2:E$67,MATCH(C140,AOR!A$2:A$67,FALSE),1)) | N140: =IF(SUM(L140:M140)<=J140,"",SUM(L140:M140)-J140) | O140: =IF(SUM(L140:M140)<J140,J140,SUM(L140:M140)) -> 715000
A141: EXCELLENT GUARD SERVICE INC | B141: 14544 | C141: 1000001373 | D141: 2010D | E141: 9745 | F141: 362 | G141: 5890 | H141: 36201377-02 | I141: 416XSEC | J141: 14605 | L141: =IF(ISERROR(MATCH(C141,Contractors!F$2:F$27,FALSE)),"",INDEX(Contractors!N$2:N$27,MATCH(C141,Contractors!F$2:F$27,FALSE),1)) | M141: =IF(ISERROR(MATCH(C141,AOR!A$2:A$67,FALSE)),"",INDEX(AOR!E$2:E$67,MATCH(C141,AOR!A$2:A$67,FALSE),1)) | N141: =IF(SUM(L141:M141)<=J141,"",SUM(L141:M141)-J141) | O141: =IF(SUM(L141:M141)<J141,J141,SUM(L141:M141)) -> 14605
A142: FEHR AND PEERS | B142: 10132 | C142: 1000000214 | D142: 2010D | E142: 9745 | F142: 162 | G142: 5860 | H142: 16210028-00 | I142: 324XSPC | J142: 6740.61 | L142: =IF(ISERROR(MATCH(C142,Contractors!F$2:F$27,FALSE)),"",INDEX(Contractors!N$2:N$27,MATCH(C142,Contractors!F$2:F$27,FALSE),1)) | M142: =IF(ISERROR(MATCH(C142,AOR!A$2:A$67,FALSE)),"",INDEX(AOR!E$2:E$67,MATCH(C142,AOR!A$2:A$67,FALSE),1)) | N142: =IF(SUM(L142:M142)<=J142,"",SUM(L142:M142)-J142) | O142: =IF(SUM(L142:M142)<J142,J142,SUM(L142:M142)) -> 6740.61
A143: FEHR AND PEERS | B143: 10132 | C143: 1000000412 | D143: 2010D | E143: 9745 | F143: 362 | G143: 5860 | H143: 36201377-03 | I143: 324XSPC | J143: 26000 | L143: =IF(ISERROR(MATCH(C143,Contractors!F$2:F$27,FALSE)),"",INDEX(Contractors!N$2:N$27,MATCH(C143,Contractors!F$2:F$27,FALSE),1)) | M143: =IF(ISERROR(MATCH(C143,AOR!A$2:A$67,FALSE)),"",INDEX(AOR!E$2:E$67,MATCH(C143,AOR!A$2:A$67,FALSE),1)) | N143: =IF(SUM(L143:M143)<=J143,"",SUM(L143:M143)-J143) | O143: =IF(SUM(L143:M143)<J143,J143,SUM(L143:M143)) -> 26000
A144: FEHR AND PEERS | B144: 10132 | C144: 1000000412 | D144: 2010D | E144: 9745 | F144: 362 | G144: 5860 | H144: 36201377-10 | I144: 324XSPC | J144: 16000 | L144: =IF(ISERROR(MATCH(C144,Contractors!F$2:F$27,FALSE)),"",INDEX(Contractors!N$2:N$27,MATCH(C144,Contractors!F$2:F$27,FALSE),1)) | M144: =IF(ISERROR(MATCH(C144,AOR!A$2:A$67,FALSE)),"",INDEX(AOR!E$2:E$67,MATCH(C144,AOR!A$2:A$67,FALSE),1)) | N144: =IF(SUM(L144:M144)<=J144,"",SUM(L144:M144)-J144) | O144: =IF(SUM(L144:M144)<J144,J144,SUM(L144:M144)) -> 16000
A145: FEHR AND PEERS | B145: 10132 | C145: 1000000711 | D145: 2010D | E145: 9745 | F145: 362 | G145: 5860 | H145: 36201377-00 | I145: 324XSPC | J145: 14843.71 | L145: =IF(ISERROR(MATCH(C145,Contractors!F$2:F$27,FALSE)),"",INDEX(Contractors!N$2:N$27,MATCH(C145,Contractors!F$2:F$27,FALSE),1)) | M145: =IF(ISERROR(MATCH(C145,AOR!A$2:A$67,FALSE)),"",INDEX(AOR!E$2:E$67,MATCH(C145,AOR!A$2:A$67,FALSE),1)) | N145: =IF(SUM(L145:M145)<=J145,"",SUM(L145:M145)-J145) | O145: =IF(SUM(L145:M145)<J145,J145,SUM(L145:M145)) -> 14843.71
A146: FEHR AND PEERS | B146: 10132 | C146: 1000000719 | D146: 2010D | E146: 9745 | F146: 352 | G146: 5890 | H146: 35201208-01 | I146: 420OSVC | J146: 5794 | L146: =IF(ISERROR(MATCH(C146,Contractors!F$2:F$27,FALSE)),"",INDEX(Contractors!N$2:N$27,MATCH(C146,Contractors!F$2:F$27,FALSE),1)) | M146: =IF(ISERROR(MATCH(C146,AOR!A$2:A$67,FALSE)),"",INDEX(AOR!E$2:E$67,MATCH(C146,AOR!A$2:A$67,FALSE),1)) | N146: =IF(SUM(L146:M146)<=J146,"",SUM(L146:M146)-J146) | O146: =IF(SUM(L146:M146)<J146,J146,SUM(L146:M146)) -> 5794
... A176: HAMILTON AND AITKEN ARCHITECTS | B176: 11309 | C176: 1000001281 | D176: 2012E | E176: 9748 | F176: 108 | G176: 6201 | H176: 10810038-00 | I176: 316XAOR | J176: 108291.52 | L176: =IF(ISERROR(MATCH(C176,Contractors!F$2:F$27,FALSE)),"",INDEX(Contractors!N$2:N$27,MATCH(C176,Contractors!F$2:F$27,FALSE),1)) | M176: =IF(ISERROR(MATCH(C176,AOR!A$2:A$67,FALSE)),"",INDEX(AOR!E$2:E$67,MATCH(C176,AOR!A$2:A$67,FALSE),1)) -> 89519.52 | N176: =IF(SUM(L176:M176)<=J176,"",SUM(L176:M176)-J176) | O176: =IF(SUM(L176:M176)<J176,J176,SUM(L176:M176)) -> 108291.52
A177: HIBSER YAMAUCHI ARCHITECTS INC | B177: 10631 | C177: 1000000673 | D177: 2010D | E177: 9745 | F177: 115 | G177: 6201 | H177: 11501201-00 | I177: 316XAOR | J177: 86355.1 | L177: =IF(ISERROR(MATCH(C177,Contractors!F$2:F$27,FALSE)),"",INDEX(Contractors!N$2:N$27,MATCH(C177,Contractors!F$2:F$27,FALSE),1)) | M177: =IF(ISERROR(MATCH(C177,AOR!A$2:A$67,FALSE)),"",INDEX(AOR!E$2:E$67,MATCH(C177,AOR!A$2:A$67,FALSE),1))-M178 -> 71251.42 | N177: =IF(SUM(L177:M177)<=J177,"",SUM(L177:M177)-J177) | O177: =IF(SUM(L177:M177)<J177,J177,SUM(L177:M177)) -> 86355.1
A178: HIBSER YAMAUCHI ARCHITECTS INC | B178: 10631 | C178: 1000000673 | D178: 2010D | E178: 9745 | F178: 115 | G178: 6201 | H178: 11501201-05 | I178: 316XAOR | J178: 54444 | L178: =IF(ISERROR(MATCH(C178,Contractors!F$2:F$27,FALSE)),"",INDEX(Contractors!N$2:N$27,MATCH(C178,Contractors!F$2:F$27,FALSE),1)) | M178: =J178 -> 54444 | N178: =IF(SUM(L178:M178)<=J178,"",SUM(L178:M178)-J178) | O178: =IF(SUM(L178:M178)<J178,J178,SUM(L178:M178)) -> 54444
A179: HIBSER YAMAUCHI ARCHITECTS INC | B179: 10631 | C179: 1000000693 | D179: 2010D | E179: 9745 | F179: 214 | G179: 6201 | H179: 21401103-00 | I179: 316XAOR | J179: 7465.98 | L179: =IF(ISERROR(MATCH(C179,Contractors!F$2:F$27,FALSE)),"",INDEX(Contractors!N$2:N$27,MATCH(C179,Contractors!F$2:F$27,FALSE),1)) | M179: =IF(ISERROR(MATCH(C179,AOR!A$2:A$67,FALSE)),"",INDEX(AOR!E$2:E$67,MATCH(C179,AOR!A$2:A$67,FALSE),1)) -> 712114.98 | N179: =IF(SUM(L179:M179)<=J179,"",SUM(L179:M179)-J179) -> 704649 | O179: =IF(SUM(L179:M179)<J179,J179,SUM(L179:M179)) -> 712114.98
A180: HIBSER YAMAUCHI ARCHITECTS INC | B180: 10631 | C180: 1000000730 | D180: 2010D | E180: 9745 | F180: 214 | G180: 6201 | H180: 21401103-00 | I180: 316XAOR | J180: 5800 | L180: =IF(ISERROR(MATCH(C180,Contractors!F$2:F$27,FALSE)),"",INDEX(Contractors!N$2:N$27,MATCH(C180,Contractors!F$2:F$27,FALSE),1)) | M180: =IF(ISERROR(MATCH(C180,AOR!A$2:A$67,FALSE)),"",INDEX(AOR!E$2:E$67,MATCH(C180,AOR!A$2:A$67,FALSE),1)) | N180: =IF(SUM(L180:M180)<=J180,"",SUM(L180:M180)-J180) | O180: =IF(SUM(L180:M180)<J180,J180,SUM(L180:M180)) -> 5800
A181: HIBSER YAMAUCHI ARCHITECTS INC | B181: 10631 | C181: 1000000737 | D181: 2010D | E181: 9745 | F181: 147 | G181: 6201 | H181: 14701390-01 | I181: 316XAOR | J181: 1928.56 | L181: =IF(ISERROR(MATCH(C181,Contractors!F$2:F$27,FALSE)),"",INDEX(Contractors!N$2:N$27,MATCH(C181,Contractors!F$2:F$27,FALSE),1)) | M181: =IF(ISERROR(MATCH(C181,AOR!A$2:A$67,FALSE)),"",INDEX(AOR!E$2:E$67,MATCH(C181,AOR!A$2:A$67,FALSE),1)) -> 1928.56 | N181: =IF(SUM(L181:M181)<=J181,"",SUM(L181:M181)-J181) | O181: =IF(SUM(L181:M181)<J181,J181,SUM(L181:M181)) -> 1928.56
A182: HIBSER YAMAUCHI ARCHITECTS INC | B182: 10631 | C182: 1000000745 | D182: 2010D | E182: 9745 | F182: 147 | G182: 6201 | H182: 14701390-00 | I182: 316XAOR | J182: 46499.68 | L182: =IF(ISERROR(MATCH(C182,Contractors!F$2:F$27,FALSE)),"",INDEX(Contractors!N$2:N$27,MATCH(C182,Contractors!F$2:F$27,FALSE),1)) | M182: =IF(ISERROR(MATCH(C182,AOR!A$2:A$67,FALSE)),"",INDEX(AOR!E$2:E$67,MATCH(C182,AOR!A$2:A$67,FALSE),1)) -> 46499.68 | N182: =IF(SUM(L182:M182)<=J182,"",SUM(L182:M182)-J182) | O182: =IF(SUM(L182:M182)<J182,J182,SUM(L182:M182)) -> 46499.68
A183: HIBSER YAMAUCHI ARCHITECTS INC | B183: 10631 | C183: 1000000750 | D183: 2010D | E183: 9745 | F183: 130 | G183: 6201 | H183: 13001223-17 | I183: 316XAOR | J183: 194.94 | L183: =IF(ISERROR(MATCH(C183,Contractors!F$2:F$27,FALSE)),"",INDEX(Contractors!N$2:N$27,MATCH(C183,Contractors!F$2:F$27,FALSE),1)) | M183: =IF(ISERROR(MATCH(C183,AOR!A$2:A$67,FALSE)),"",INDEX(AOR!E$2:E$67,MATCH(C183,AOR!A$2:A$67,FALSE),1)) -> 743.4 | N183: =IF(SUM(L183:M183)<=J183,"",SUM(L183:M183)-J183) -> 548.46 | O183: =IF(SUM(L183:M183)<J183,J183,SUM(L183:M183)) -> 743.4
A184: HIBSER YAMAUCHI ARCHITECTS INC | B184: 10631 | C184: 1000000797 | D184: 2010D | E184: 9745 | F184: 615 | G184: 6201 | H184: 61501215-00 | I184: 316XAOR | J184: 3758.96 | L184: =IF(ISERROR(MATCH(C184,Contractors!F$2:F$27,FALSE)),"",INDEX(Contractors!N$2:N$27,MATCH(C184,Contractors!F$2:F$27,FALSE),1)) | M184: =IF(ISERROR(MATCH(C184,AOR!A$2:A$67,FALSE)),"",INDEX(AOR!E$2:E$67,MATCH(C184,AOR!A$2:A$67,FALSE),1)) -> 3758 | N184: =IF(SUM(L184:M184)<=J184,"",SUM(L184:M184)-J184) | O184: =IF(SUM(L184:M184)<J184,J184,SUM(L184:M184)) -> 3758.96
A185: HIBSER YAMAUCHI ARCHITECTS INC | B185: 10631 | C185: 1000000919 | D185: 2010D | E185: 9745 | F185: 376 | G185: 6201 | H185: 37601356-00 | I185: 316XAOR | J185: 128933.5 | L185: =IF(ISERROR(MATCH(C185,Contractors!F$2:F$27,FALSE)),"",INDEX(Contractors!N$2:N$27,MATCH(C185,Contractors!F$2:F$27,FALSE),1)) | M185: =IF(ISERROR(MATCH(C185,AOR!A$2:A$67,FALSE)),"",INDEX(AOR!E$2:E$67,MATCH(C185,AOR!A$2:A$67,FALSE),1)) -> 1483933.5 | N185: =IF(SUM(L185:M185)<=J185,"",SUM(L185:M185)-J185) -> 1355000 | O185: =IF(SUM(L185:M185)<J185,J185,SUM(L185:M185)) -> 1483933.5
A186: HIBSER YAMAUCHI ARCHITECTS INC | B186: 10631 | C186: 1000000920 | D186: 2010D | E186: 9745 | F186: 135 | G186: 6201 | H186: 13510060-00 | I186: 316XAOR | J186: 5390.75 | L186: =IF(ISERROR(MATCH(C186,Contractors!F$2:F$27,FALSE)),"",INDEX(Contractors!N$2:N$27,MATCH(C186,Contractors!F$2:F$27,FALSE),1)) | M186: =IF(ISERROR(MATCH(C186,AOR!A$2:A$67,FALSE)),"",INDEX(AOR!E$2:E$67,MATCH(C186,AOR!A$2:A$67,FALSE),1)) -> 408.5 | N186: =IF(SUM(L186:M186)<=J186,"",SUM(L186:M186)-J186) | O186: =IF(SUM(L186:M186)<J186,J186,SUM(L186:M186)) -> 5390.75
A187: HIBSER YAMAUCHI ARCHITECTS INC | B187: 10631 | C187: 1000000942 | D187: 2010D | E187: 9745 | F187: 130 | G187: 6201 | H187: 13001223-18 | I187: 316XAOR | J187: 710.17 | L187: =IF(ISERROR(MATCH(C187,Contractors!F$2:F$27,FALSE)),"",INDEX(Contractors!N$2:N$27,MATCH(C187,Contractors!F$2:F$27,FALSE),1)) | M187: =IF(ISERROR(MATCH(C187,AOR!A$2:A$67,FALSE)),"",INDEX(AOR!E$2:E$67,MATCH(C187,AOR!A$2:A$67,FALSE),1)) -> 572.17 | N187: =IF(SUM(L187:M187)<=J187,"",SUM(L187:M187)-J187) | O187: =IF(SUM(L187:M187)<J187,J187,SUM(L187:M187)) -> 710.17
A188: HIBSER YAMAUCHI ARCHITECTS INC | B188: 10631 | C188: 1000000968 | D188: 2010D | E188: 9745 | F188: 146 | G188: 6201 | H188: 14601206-04 | I188: 316XAOR | J188: 24126.75 | L188: =IF(ISERROR(MATCH(C188,Contractors!F$2:F$27,FALSE)),"",INDEX(Contractors!N$2:N$27,MATCH(C188,Contractors!F$2:F$27,FALSE),1)) | M188: =IF(ISERROR(MATCH(C188,AOR!A$2:A$67,FALSE)),"",INDEX(AOR!E$2:E$67,MATCH(C188,AOR!A$2:A$67,FALSE),1)) -> 24126.75 | N188: =IF(SUM(L188:M188)<=J188,"",SUM(L188:M188)-J188) | O188: =IF(SUM(L188:M188)<J188,J188,SUM(L188:M188)) -> 24126.75
A189: HIBSER YAMAUCHI ARCHITECTS INC | B189: 10631 | C189: 1000001324 | D189: 2010D | E189: 9745 | F189: 123 | G189: 6201 | H189: 12301349-00 | I189: 316XAOR | J189: 95645 | L189: =IF(ISERROR(MATCH(C189,Contractors!F$2:F$27,FALSE)),"",INDEX(Contractors!N$2:N$27,MATCH(C189,Contractors!F$2:F$27,FALSE),1)) | M189: =IF(ISERROR(MATCH(C189,AOR!A$2:A$67,FALSE)),"",INDEX(AOR!E$2:E$67,MATCH(C189,AOR!A$2:A$67,FALSE),1)) -> 1592440 | N189: =IF(SUM(L189:M189)<=J189,"",SUM(L189:M189)-J189) -> 1496795 | O189: =IF(SUM(L189:M189)<J189,J189,SUM(L189:M189)) -> 1592440
A190: HILL ZION SERVICES INC. | B190: 13837 | C190: 1000000939 | D190: 2010D | E190: 9745 | F190: 144 | G190: 5890 | H190: 14401205-02 | I190: 416XSEC | J190: 41375.07 | L190: =IF(ISERROR(MATCH(C190,Contractors!F$2:F$27,FALSE)),"",INDEX(Contractors!N$2:N$27,MATCH(C190,Contractors!F$2:F$27,FALSE),1)) | M190: =IF(ISERROR(MATCH(C190,AOR!A$2:A$67,FALSE)),"",INDEX(AOR!E$2:E$67,MATCH(C190,AOR!A$2:A$67,FALSE),1)) | N190: =IF(SUM(L190:M190)<=J190,"",SUM(L190:M190)-J190) | O190: =IF(SUM(L190:M190)<J190,J190,SUM(L190:M190)) -> 41375.07
... A198: INTERACTIVE RESOURCES | B198: 11035 | C198: 1000000582 | D198: 2010D | E198: 9745 | F198: 165 | G198: 6201 | H198: 16501384-04 | I198: 316XAOR | J198: 1287364.4 | L198: =IF(ISERROR(MATCH(C198,Contractors!F$2:F$27,FALSE)),"",INDEX(Contractors!N$2:N$27,MATCH(C198,Contractors!F$2:F$27,FALSE),1)) | M198: =IF(ISERROR(MATCH(C198,AOR!A$2:A$67,FALSE)),"",INDEX(AOR!E$2:E$67,MATCH(C198,AOR!A$2:A$67,FALSE),1)) -> 1129364 | N198: =IF(SUM(L198:M198)<=J198,"",SUM(L198:M198)-J198) | O198: =IF(SUM(L198:M198)<J198,J198,SUM(L198:M198)) -> 1287364.4
A199: INTERACTIVE RESOURCES | B199: 11035 | C199: 1000000691 | D199: 2010D | E199: 9745 | F199: 144 | G199: 6201 | H199: 14401205-00 | I199: 316XAOR | J199: 92142.81 | L199: =IF(ISERROR(MATCH(C199,Contractors!F$2:F$27,FALSE)),"",INDEX(Contractors!N$2:N$27,MATCH(C199,Contractors!F$2:F$27,FALSE),1)) | M199: =IF(ISERROR(MATCH(C199,AOR!A$2:A$67,FALSE)),"",INDEX(AOR!E$2:E$67,MATCH(C199,AOR!A$2:A$67,FALSE),1))-M200 -> 600140.8 | N199: =IF(SUM(L199:M199)<=J199,"",SUM(L199:M199)-J199) -> 507997.99 | O199: =IF(SUM(L199:M199)<J199,J199,SUM(L199:M199)) -> 600140.8
A200: INTERACTIVE RESOURCES | B200: 11035 | C200: 1000000691 | D200: 2010D | E200: 9745 | F200: 144 | G200: 6201 | H200: 14401205-02 | I200: 316XAOR | J200: 10000 | L200: =IF(ISERROR(MATCH(C200,Contractors!F$2:F$27,FALSE)),"",INDEX(Contractors!N$2:N$27,MATCH(C200,Contractors!F$2:F$27,FALSE),1)) | M200: =J200 -> 10000 | N200: =IF(SUM(L200:M200)<=J200,"",SUM(L200:M200)-J200) | O200: =IF(SUM(L200:M200)<J200,J200,SUM(L200:M200)) -> 10000
A201: INTERACTIVE RESOURCES | B201: 11035 | C201: 1000000703 | D201: 2010D | E201: 9745 | F201: 165 | G201: 6201 | H201: 16501384-03 | I201: 316XAOR | J201: 7818.91 | L201: =IF(ISERROR(MATCH(C201,Contractors!F$2:F$27,FALSE)),"",INDEX(Contractors!N$2:N$27,MATCH(C201,Contractors!F$2:F$27,FALSE),1)) | M201: =IF(ISERROR(MATCH(C201,AOR!A$2:A$67,FALSE)),"",INDEX(AOR!E$2:E$67,MATCH(C201,AOR!A$2:A$67,FALSE),1)) -> 7818.91 | N201: =IF(SUM(L201:M201)<=J201,"",SUM(L201:M201)-J201) | O201: =IF(SUM(L201:M201)<J201,J201,SUM(L201:M201)) -> 7818.91
A202: INTERACTIVE RESOURCES | B202: 11035 | C202: 1000000714 | D202: 2010D | E202: 9745 | F202: 144 | G202: 6201 | H202: 14401205-01 | I202: 316XAOR | J202: 6157.06 | L202: =IF(ISERROR(MATCH(C202,Contractors!F$2:F$27,FALSE)),"",INDEX(Contractors!N$2:N$27,MATCH(C202,Contractors!F$2:F$27,FALSE),1)) | M202: =IF(ISERROR(MATCH(C202,AOR!A$2:A$67,FALSE)),"",INDEX(AOR!E$2:E$67,MATCH(C202,AOR!A$2:A$67,FALSE),1)) | N202: =IF(SUM(L202:M202)<=J202,"",SUM(L202:M202)-J202) | O202: =IF(SUM(L202:M202)<J202,J202,SUM(L202:M202)) -> 6157.06
A203: INTERACTIVE RESOURCES | B203: 11035 | C203: 1000000979 | D203: 2010D | E203: 9745 | F203: 376 | G203: 6201 | H203: 37601356-00 | I203: 316XAOR | J203: 4880 | L203: =IF(ISERROR(MATCH(C203,Contractors!F$2:F$27,FALSE)),"",INDEX(Contractors!N$2:N$27,MATCH(C203,Contractors!F$2:F$27,FALSE),1)) | M203: =IF(ISERROR(MATCH(C203,AOR!A$2:A$67,FALSE)),"",INDEX(AOR!E$2:E$67,MATCH(C203,AOR!A$2:A$67,FALSE),1)) -> 3619.55 | N203: =IF(SUM(L203:M203)<=J203,"",SUM(L203:M203)-J203) | O203: =IF(SUM(L203:M203)<J203,J203,SUM(L203:M203)) -> 4880
A204: J MAJORS AND ASSOCIATES | B204: 10466 | C204: 1000000872 | D204: 2010D | E204: 9745 | F204: 615 | G204: 5890 | H204: 61501396-00 | I204: 764OSVC | J204: 56247 | L204: =IF(ISERROR(MATCH(C204,Contractors!F$2:F$27,FALSE)),"",INDEX(Contractors!N$2:N$27,MATCH(C204,Contractors!F$2:F$27,FALSE),1)) | M204: =IF(ISERROR(MATCH(C204,AOR!A$2:A$67,FALSE)),"",INDEX(AOR!E$2:E$67,MATCH(C204,AOR!A$2:A$67,FALSE),1)) | N204: =IF(SUM(L204:M204)<=J204,"",SUM(L204:M204)-J204) | O204: =IF(SUM(L204:M204)<J204,J204,SUM(L204:M204)) -> 56247
A205: JACK SCHREDER AND ASSOCIATES, INC | B205: 12556 | C205: 1000000033 | D205: 2010D | E205: 9745 | F205: 615 | G205: 5860 | H205: 61501396-00 | I205: 728OPSC | J205: 9280 | L205: =IF(ISERROR(MATCH(C205,Contractors!F$2:F$27,FALSE)),"",INDEX(Contractors!N$2:N$27,MATCH(C205,Contractors!F$2:F$27,FALSE),1)) | M205: =IF(ISERROR(MATCH(C205,AOR!A$2:A$67,FALSE)),"",INDEX(AOR!E$2:E$67,MATCH(C205,AOR!A$2:A$67,FALSE),1)) | N205: =IF(SUM(L205:M205)<=J205,"",SUM(L205:M205)-J205) | O205: =IF(SUM(L205:M205)<J205,J205,SUM(L205:M205)) -> 9280
A206: JACK SCHREDER AND ASSOCIATES, INC | B206: 12556 | C206: 1000000903 | D206: 2010D | E206: 9745 | F206: 615 | G206: 5860 | H206: 61510057-00 | I206: 728OPSC | J206: 1148.5 | L206: =IF(ISERROR(MATCH(C206,Contractors!F$2:F$27,FALSE)),"",INDEX(Contractors!N$2:N$27,MATCH(C206,Contractors!F$2:F$27,FALSE),1)) | M206: =IF(ISERROR(MATCH(C206,AOR!A$2:A$67,FALSE)),"",INDEX(AOR!E$2:E$67,MATCH(C206,AOR!A$2:A$67,FALSE),1)) | N206: =IF(SUM(L206:M206)<=J206,"",SUM(L206:M206)-J206) | O206: =IF(SUM(L206:M206)<J206,J206,SUM(L206:M206)) -> 1148.5
A207: JACK SCHREDER AND ASSOCIATES, INC | B207: 12556 | C207: 1000000905 | D207: 2010D | E207: 9745 | F207: 615 | G207: 5860 | H207: 61510057-00 | I207: 728OPSC | J207: 6960 | L207: =IF(ISERROR(MATCH(C207,Contractors!F$2:F$27,FALSE)),"",INDEX(Contractors!N$2:N$27,MATCH(C207,Contractors!F$2:F$27,FALSE),1)) | M207: =IF(ISERROR(MATCH(C207,AOR!A$2:A$67,FALSE)),"",INDEX(AOR!E$2:E$67,MATCH(C207,AOR!A$2:A$67,FALSE),1)) | N207: =IF(SUM(L207:M207)<=J207,"",SUM(L207:M207)-J207) | O207: =IF(SUM(L207:M207)<J207,J207,SUM(L207:M207)) -> 6960
A208: JACK SCHREDER AND ASSOCIATES, INC | B208: 12556 | C208: 1000000940 | D208: 2010D | E208: 9745 | F208: 615 | G208: 5860 | H208: 61510057-00 | I208: 728OPSC | J208: 3467.97 | L208: =IF(ISERROR(MATCH(C208,Contractors!F$2:F$27,FALSE)),"",INDEX(Contractors!N$2:N$27,MATCH(C208,Contractors!F$2:F$27,FALSE),1)) | M208: =IF(ISERROR(MATCH(C208,AOR!A$2:A$67,FALSE)),"",INDEX(AOR!E$2:E$67,MATCH(C208,AOR!A$2:A$67,FALSE),1)) | N208: =IF(SUM(L208:M208)<=J208,"",SUM(L208:M208)-J208) | O208: =IF(SUM(L208:M208)<J208,J208,SUM(L208:M208)) -> 3467.97
A209: JAMES MACNAIR | B209: 10054 | C209: 1000000602 | D209: 2010D | E209: 9745 | F209: 214 | G209: 5860 | H209: 21401103-06 | I209: 324XSPC | J209: 733.75 | L209: =IF(ISERROR(MATCH(C209,Contractors!F$2:F$27,FALSE)),"",INDEX(Contractors!N$2:N$27,MATCH(C209,Contractors!F$2:F$27,FALSE),1)) | M209: =IF(ISERROR(MATCH(C209,AOR!A$2:A$67,FALSE)),"",INDEX(AOR!E$2:E$67,MATCH(C209,AOR!A$2:A$67,FALSE),1)) | N209: =IF(SUM(L209:M209)<=J209,"",SUM(L209:M209)-J209) | O209: =IF(SUM(L209:M209)<J209,J209,SUM(L209:M209)) -> 733.75
A210: JAMES MACNAIR | B210: 10054 | C210: 1000000907 | D210: 2010D | E210: 9745 | F210: 112 | G210: 5860 | H210: 11201341-00 | I210: 324XSPC | J210: 725 | L210: =IF(ISERROR(MATCH(C210,Contractors!F$2:F$27,FALSE)),"",INDEX(Contractors!N$2:N$27,MATCH(C210,Contractors!F$2:F$27,FALSE),1)) | M210: =IF(ISERROR(MATCH(C210,AOR!A$2:A$67,FALSE)),"",INDEX(AOR!E$2:E$67,MATCH(C210,AOR!A$2:A$67,FALSE),1)) | N210: =IF(SUM(L210:M210)<=J210,"",SUM(L210:M210)-J210) | O210: =IF(SUM(L210:M210)<J210,J210,SUM(L210:M210)) -> 725
A211: JAMES MACNAIR | B211: 10054 | C211: 1000000956 | D211: 2010D | E211: 9745 | F211: 354 | G211: 5860 | H211: 35401348-00 | I211: 324XSPC | J211: 5510 | L211: =IF(ISERROR(MATCH(C211,Contractors!F$2:F$27,FALSE)),"",INDEX(Contractors!N$2:N$27,MATCH(C211,Contractors!F$2:F$27,FALSE),1)) | M211: =IF(ISERROR(MATCH(C211,AOR!A$2:A$67,FALSE)),"",INDEX(AOR!E$2:E$67,MATCH(C211,AOR!A$2:A$67,FALSE),1)) | N211: =IF(SUM(L211:M211)<=J211,"",SUM(L211:M211)-J211) | O211: =IF(SUM(L211:M211)<J211,J211,SUM(L211:M211)) -> 5510
A212: JEFFREY E FRATES | B212: 12807 | C212: 1000000590 | D212: 2010D | E212: 9745 | F212: 615 | G212: 5860 | H212: 61501396-00 | I212: 736XSPC | J212: 34025 | L212: =IF(ISERROR(MATCH(C212,Contractors!F$2:F$27,FALSE)),"",INDEX(Contractors!N$2:N$27,MATCH(C212,Contractors!F$2:F$27,FALSE),1)) | M212: =IF(ISERROR(MATCH(C212,AOR!A$2:A$67,FALSE)),"",INDEX(AOR!E$2:E$67,MATCH(C212,AOR!A$2:A$67,FALSE),1)) | N212: =IF(SUM(L212:M212)<=J212,"",SUM(L212:M212)-J212) | O212: =IF(SUM(L212:M212)<J212,J212,SUM(L212:M212)) -> 34025
... A266: POWELL AND PARTNERS | B266: 11277 | C266: 1000000630 | D266: 2010D | E266: 9745 | F266: 360 | G266: 6201 | H266: 36001211-00 | I266: 316XAOR | J266: 500000 | L266: =IF(ISERROR(MATCH(C266,Contractors!F$2:F$27,FALSE)),"",INDEX(Contractors!N$2:N$27,MATCH(C266,Contractors!F$2:F$27,FALSE),1)) | M266: =IF(ISERROR(MATCH(C266,AOR!A$2:A$67,FALSE)),"",INDEX(AOR!E$2:E$67,MATCH(C266,AOR!A$2:A$67,FALSE),1)) -> 1916719.2 | N266: =IF(SUM(L266:M266)<=J266,"",SUM(L266:M266)-J266) -> 1416719.2 | O266: =IF(SUM(L266:M266)<J266,J266,SUM(L266:M266)) -> 1916719.2
A267: POWELL AND PARTNERS | B267: 11277 | C267: 1000000630 | D267: 2010D | E267: 9745 | F267: 360 | G267: 6201 | H267: 36001211-13 | I267: 316XAOR | J267: -62200.78 | L267: =IF(ISERROR(MATCH(C267,Contractors!F$2:F$27,FALSE)),"",INDEX(Contractors!N$2:N$27,MATCH(C267,Contractors!F$2:F$27,FALSE),1)) | N267: =IF(SUM(L267:M267)<=J267,"",SUM(L267:M267)-J267) -> 62200.78 | O267: =IF(SUM(L267:M267)<J267,J267,SUM(L267:M267)) -> 0
A268: POWELL AND PARTNERS | B268: 11277 | C268: 1000000674 | D268: 2010D | E268: 9745 | F268: 146 | G268: 6201 | H268: 14601206-00 | I268: 316XAOR | J268: 600109.59 | L268: =IF(ISERROR(MATCH(C268,Contractors!F$2:F$27,FALSE)),"",INDEX(Contractors!N$2:N$27,MATCH(C268,Contractors!F$2:F$27,FALSE),1)) | M268: =IF(ISERROR(MATCH(C268,AOR!A$2:A$67,FALSE)),"",INDEX(AOR!E$2:E$67,MATCH(C268,AOR!A$2:A$67,FALSE),1))-M269 -> 726323.54 | N268: =IF(SUM(L268:M268)<=J268,"",SUM(L268:M268)-J268) -> 126213.95 | O268: =IF(SUM(L268:M268)<J268,J268,SUM(L268:M268)) -> 726323.54
A269: POWELL AND PARTNERS | B269: 11277 | C269: 1000000674 | D269: 2010D | E269: 9745 | F269: 146 | G269: 6201 | H269: 14601206-04 | I269: 316XAOR | J269: 63600.32 | L269: =IF(ISERROR(MATCH(C269,Contractors!F$2:F$27,FALSE)),"",INDEX(Contractors!N$2:N$27,MATCH(C269,Contractors!F$2:F$27,FALSE),1)) | M269: =J269 -> 63600.32 | N269: =IF(SUM(L269:M269)<=J269,"",SUM(L269:M269)-J269) | O269: =IF(SUM(L269:M269)<J269,J269,SUM(L269:M269)) -> 63600.32
A270: POWELL AND PARTNERS | B270: 11277 | C270: 1000000701 | D270: 2010D | E270: 9745 | F270: 360 | G270: 6201 | H270: 36001211-12 | I270: 316XAOR | J270: 44624.59 | L270: =IF(ISERROR(MATCH(C270,Contractors!F$2:F$27,FALSE)),"",INDEX(Contractors!N$2:N$27,MATCH(C270,Contractors!F$2:F$27,FALSE),1)) | M270: =IF(ISERROR(MATCH(C270,AOR!A$2:A$67,FALSE)),"",INDEX(AOR!E$2:E$67,MATCH(C270,AOR!A$2:A$67,FALSE),1)) -> 44624.59 | N270: =IF(SUM(L270:M270)<=J270,"",SUM(L270:M270)-J270) | O270: =IF(SUM(L270:M270)<J270,J270,SUM(L270:M270)) -> 44624.59
A271: POWELL AND PARTNERS | B271: 11277 | C271: 1000000728 | D271: 2010D | E271: 9745 | F271: 212 | G271: 6201 | H271: 21201102-01 | I271: 316XAOR | J271: 35016.76 | L271: =IF(ISERROR(MATCH(C271,Contractors!F$2:F$27,FALSE)),"",INDEX(Contractors!N$2:N$27,MATCH(C271,Contractors!F$2:F$27,FALSE),1)) | M271: =IF(ISERROR(MATCH(C271,AOR!A$2:A$67,FALSE)),"",INDEX(AOR!E$2:E$67,MATCH(C271,AOR!A$2:A$67,FALSE),1)) | N271: =IF(SUM(L271:M271)<=J271,"",SUM(L271:M271)-J271) | O271: =IF(SUM(L271:M271)<J271,J271,SUM(L271:M271)) -> 35016.76
A272: POWELL AND PARTNERS | B272: 11277 | C272: 1000001396 | D272: 2010D | E272: 9745 | F272: 159 | G272: 6201 | H272: 15910085-00 | I272: 316XAOR | J272: 60885 | L272: =IF(ISERROR(MATCH(C272,Contractors!F$2:F$27,FALSE)),"",INDEX(Contractors!N$2:N$27,MATCH(C272,Contractors!F$2:F$27,FALSE),1)) | M272: =IF(ISERROR(MATCH(C272,AOR!A$2:A$67,FALSE)),"",INDEX(AOR!E$2:E$67,MATCH(C272,AOR!A$2:A$67,FALSE),1)) -> 60885 | N272: =IF(SUM(L272:M272)<=J272,"",SUM(L272:M272)-J272) | O272: =IF(SUM(L272:M272)<J272,J272,SUM(L272:M272)) -> 60885
A273: POWELL AND PARTNERS | B273: 11277 | C273: 1000001423 | D273: 2010D | E273: 9745 | F273: 105 | G273: 6201 | H273: 10510086-00 | I273: 316XAOR | J273: 13000 | L273: =IF(ISERROR(MATCH(C273,Contractors!F$2:F$27,FALSE)),"",INDEX(Contractors!N$2:N$27,MATCH(C273,Contractors!F$2:F$27,FALSE),1)) | M273: =IF(ISERROR(MATCH(C273,AOR!A$2:A$67,FALSE)),"",INDEX(AOR!E$2:E$67,MATCH(C273,AOR!A$2:A$67,FALSE),1)) -> 13000 | N273: =IF(SUM(L273:M273)<=J273,"",SUM(L273:M273)-J273) | O273: =IF(SUM(L273:M273)<J273,J273,SUM(L273:M273)) -> 13000
A274: QUATTROCCHI KWOK ARCHITECTS | B274: 10074 | C274: 1000000685 | D274: 2010D | E274: 9745 | F274: 132 | G274: 6201 | H274: 13201204-00 | I274: 316XAOR | J274: 4100.93 | L274: =IF(ISERROR(MATCH(C274,Contractors!F$2:F$27,FALSE)),"",INDEX(Contractors!N$2:N$27,MATCH(C274,Contractors!F$2:F$27,FALSE),1)) | M274: =IF(ISERROR(MATCH(C274,AOR!A$2:A$67,FALSE)),"",INDEX(AOR!E$2:E$67,MATCH(C274,AOR!A$2:A$67,FALSE),1)) | N274: =IF(SUM(L274:M274)<=J274,"",SUM(L274:M274)-J274) | O274: =IF(SUM(L274:M274)<J274,J274,SUM(L274:M274)) -> 4100.93
A275: QUATTROCCHI KWOK ARCHITECTS | B275: 10074 | C275: 1000000880 | D275: 2010D | E275: 9745 | F275: 154 | G275: 6201 | H275: 15410042-00 | I275: 316XAOR | J275: 135500 | L275: =IF(ISERROR(MATCH(C275,Contractors!F$2:F$27,FALSE)),"",INDEX(Contractors!N$2:N$27,MATCH(C275,Contractors!F$2:F$27,FALSE),1)) | M275: =IF(ISERROR(MATCH(C275,AOR!A$2:A$67,FALSE)),"",INDEX(AOR!E$2:E$67,MATCH(C275,AOR!A$2:A$67,FALSE),1)) -> 135500 | N275: =IF(SUM(L275:M275)<=J275,"",SUM(L275:M275)-J275) | O275: =IF(SUM(L275:M275)<J275,J275,SUM(L275:M275)) -> 135500
A276: QUATTROCCHI KWOK ARCHITECTS | B276: 10074 | C276: 1000000908 | D276: 2010D | E276: 9745 | F276: 122 | G276: 6201 | H276: 12201357-04 | I276: 316XAOR | J276: 233053.99 | L276: =IF(ISERROR(MATCH(C276,Contractors!F$2:F$27,FALSE)),"",INDEX(Contractors!N$2:N$27,MATCH(C276,Contractors!F$2:F$27,FALSE),1)) | M276: =IF(ISERROR(MATCH(C276,AOR!A$2:A$67,FALSE)),"",INDEX(AOR!E$2:E$67,MATCH(C276,AOR!A$2:A$67,FALSE),1)) -> 1671398.5 | N276: =IF(SUM(L276:M276)<=J276,"",SUM(L276:M276)-J276) -> 1438344.5 | O276: =IF(SUM(L276:M276)<J276,J276,SUM(L276:M276)) -> 1671398.5
A277: REED BROTHERS | B277: 10799 | C277: 1000000551 | D277: 2012E | E277: 9748 | F277: 669 | G277: 6219 | H277: 66910054-00 | I277: 760XCTC | J277: 187.63 | L277: =IF(ISERROR(MATCH(C277,Contractors!F$2:F$27,FALSE)),"",INDEX(Contractors!N$2:N$27,MATCH(C277,Contractors!F$2:F$27,FALSE),1)) | M277: =IF(ISERROR(MATCH(C277,AOR!A$2:A$67,FALSE)),"",INDEX(AOR!E$2:E$67,MATCH(C277,AOR!A$2:A$67,FALSE),1)) | N277: =IF(SUM(L277:M277)<=J277,"",SUM(L277:M277)-J277) | O277: =IF(SUM(L277:M277)<J277,J277,SUM(L277:M277)) -> 187.63
A278: RGA ENVIRONMENTAL INCORPORATED | B278: 12742 | C278: 1000000353 | D278: 2010D | E278: 9745 | F278: 110 | G278: 5860 | H278: 11001612-06 | I278: 324XSPC | J278: 1195 | L278: =IF(ISERROR(MATCH(C278,Contractors!F$2:F$27,FALSE)),"",INDEX(Contractors!N$2:N$27,MATCH(C278,Contractors!F$2:F$27,FALSE),1)) | M278: =IF(ISERROR(MATCH(C278,AOR!A$2:A$67,FALSE)),"",INDEX(AOR!E$2:E$67,MATCH(C278,AOR!A$2:A$67,FALSE),1)) | N278: =IF(SUM(L278:M278)<=J278,"",SUM(L278:M278)-J278) | O278: =IF(SUM(L278:M278)<J278,J278,SUM(L278:M278)) -> 1195
A279: RGA ENVIRONMENTAL INCORPORATED | B279: 12742 | C279: 1000000353 | D279: 2010D | E279: 9745 | F279: 110 | G279: 6207 | H279: 11001612-06 | I279: 344XHAZ | J279: 2988 | L279: =IF(ISERROR(MATCH(C279,Contractors!F$2:F$27,FALSE)),"",INDEX(Contractors!N$2:N$27,MATCH(C279,Contractors!F$2:F$27,FALSE),1)) | M279: =IF(ISERROR(MATCH(C279,AOR!A$2:A$67,FALSE)),"",INDEX(AOR!E$2:E$67,MATCH(C279,AOR!A$2:A$67,FALSE),1)) | N279: =IF(SUM(L279:M279)<=J279,"",SUM(L279:M279)-J279) | O279: =IF(SUM(L279:M279)<J279,J279,SUM(L279:M279)) -> 2988
...

Sheet summary
A1: object | B1: (Multiple Items)
A3: Total | B3: Column Labels
A4: Vendor | B4: 2010D | C4: 2012E | D4: Grand Total
A5: 3QC | B5: 102822 | D5: 102822
A6: A3GEO | B6: 33074.62 | D6: 33074.62
A7: ACUMEN INDUSTRIAL HYGENE INC | B7: 18251.44 | D7: 18251.44
A8: AE3 PARTNERS INC | B8: 127676.6 | C8: 7140 | D8: 134816.6
A9: AEKO CONSULTING SOLUTIONS INTEGRATORS | B9: 166080 | D9: 166080
A10: ALAN KROPP AND ASSOCIATES INC | B10: 122062.63 | D10: 122062.63
A11: ALTEN CONSTRUCTION INC | B11: 88909 | D11: 88909
A12: AM WOO CONSTRUCTION INC | B12: 20756 | D12: 20756
A13: AMERICAN REPROGRAPHICS CO. LLC | B13: 3014.88 | D13: 3014.88
A14: APPLIED WATER RESOURCES CORPORATION | B14: 59701.68 | D14: 59701.68
A15: ARCHITECTS MA | B15: 78250 | D15: 78250
A16: ARNTZ BUILDERS | B16: 37782129 | D16: 37782129
A17: ARTHULIA INC | B17: 174050 | D17: 174050
A18: AURORA ENVIRONMENTAL SERVICES INC | B18: 23971.77 | D18: 23971.77
A19: BAKER VILAR ARCHITECTS | B19: 1055101.2 | D19: 1055101.2
A20: BAY CITIES PAVING AND GRADING INC | B20: 93946.2 | D20: 93946.2
... A30: BUNTON CLIFFORD ASSOCIATES | B30: 44626.07 | D30: 44626.07
A31: CALIFORNIA CONSTRUCTORS | B31: 33135.26 | C31: 965 | D31: 34100.26
A32: CDW GOVERNMENT INC | B32: 38100.66 | C32: 2838041.3 | D32: 2876142
A33: CES CONTROLLED ENVIRONMENTAL SERVICES INC | B33: 2125.51 | D33: 2125.51
A34: CLARK CIVIL ENGINEERING | B34: 1400 | C34: 19500 | D34: 20900
A35: COMMUNICATION SERVICE COMPANY | B35: 56724.2 | C35: 0 | D35: 56724.2
A36: COMMUNITY PLAYGROUNDS | B36: 17537 | D36: 17537
A37: CONCEPTS SCHOOL AND OFFICE FURNISHINGS | B37: 335554.01 | D37: 335554.01
A38: CONESTOGA-ROVERS & ASSOCIATES, INC | B38: 24208 | D38: 24208
A39: CONSOLIDATED ENGINEERING LABORATORIES | B39: 460477.92 | D39: 460477.92
A40: CONTRAX FURNISHINGS | B40: 118210.11 | D40: 118210.11
A41: COR O VAN MOVING AND STORAGE | B41: 1013.17 | D41: 1013.17
A42: CORNERSTONE STRUCTURAL ENGINEERING GROUP INC | B42: 97188.75 | C42: 8500 | D42: 105688.75
A43: CROWN WORLDWIDE MOVING AND STORAGE | B43: 37184 | D43: 37184
A44: D & D SECURITY ENTERPRISES | B44: 29574.01 | C44: 17999.5 | D44: 47573.51
A45: DAVILLIER SLOAN | B45: 393272.64 | D45: 393272.64
A46: DEEMS LEWIS MCKINLEY | B46: 1512785.2 | C46: 88750 | D46: 1601535.2
A47: DELL COMPUTER CORPORATION | B47: 97050.63 | D47: 97050.63
A48: DOLANS LUMBER OF PINOLE | B48: 1567.24 | D48: 1567.24
A49: DP SECURITY CO | B49: 3694.45 | D49: 3694.45
A50: DRMCNATTY & ASSOCIATES INC | B50: 2162.07 | D50: 2162.07
A51: EMPLOYERS ADVOCATE INC | B51: 34967.5 | D51: 34967.5
A52: ENGEO INCORPORATED | B52: 17757.4 | D52: 17757.4
A53: ENOVITY INC | B53: 145642.69 | D53: 145642.69
A54: ENVIRONMENTAL TECHNICAL SERVICES INC | B54: 47610 | D54: 47610
A55: ERA CONSTRUCTION INC | B55: 5265 | D55: 5265
A56: ESSEL TECHNOLOGY SERVICES INC | B56: 12100 | D56: 12100
A57: EVRA CONSTRUCTION INC | B57: 715000 | D57: 715000
A58: EXCELLENT GUARD SERVICE INC | B58: 14605 | D58: 14605
A59: FEHR AND PEERS | B59: 83378.32 | C59: 10766.32 | D59: 94144.64
A60: FIRST STUDENT INC | B60: 20341.9 | D60: 20341.9
A61: FISHMAN SUPPLY CO | B61: 2176.83 | D61: 2176.83
A62: FITGUARD | B62: 1999.63 | D62: 1999.63
A63: FRG WASTE RESOURCES INC | B63: 48887.7 | D63: 48887.7
A64: GROSSMANN DESIGN GROUP | B64: 563655 | D64: 563655
A65: HAMILTON AND AITKEN ARCHITECTS | B65: 29840.46 | C65: 153471.52 | D65: 183311.98
A66: HIBSER YAMAUCHI ARCHITECTS INC | B66: 4018245.9 | D66: 4018245.9
A67: HILL ZION SERVICES INC. | B67: 41375.07 | D67: 41375.07
A68: HMC ARCHITECTS | B68: 510108.11 | C68: 81600 | D68: 591708.11
A69: HMR ARCHITECTS INC | B69: 119.14 | D69: 119.14
A70: HUNG CONSTRUCTION BUILDER INC | B70: 304300 | D70: 304300
A71: INTERACTIVE RESOURCES | B71: 1918129.7 | D71: 1918129.7
A72: J MAJORS AND ASSOCIATES | B72: 56247 | D72: 56247
A73: JACK SCHREDER AND ASSOCIATES, INC | B73: 20856.47 | D73: 20856.47
A74: JAMES MACNAIR | B74: 6968.75 | D74: 6968.75
A75: JEFFREY E FRATES | B75: 34025 | D75: 34025
A76: JUV, INC | B76: 2111771 | D76: 2111771
A77: KC PIERCE AND ASSOC | B77: 24890 | D77: 24890
A78: KISTER SAVIO AND REI INC | B78: 4360 | D78: 4360
A79: KLEINFELDER INC | B79: 163411.85 | D79: 163411.85
A80: KRONICK MOSKOVITZ TIEDEMANN AND GIRARD | B80: 6959.99 | D80: 6959.99
A81: LATHROP CONSTRUCTION ASSOCIATES INC | B81: 48731744 | D81: 48731744
A82: LOKESH BALI | C82: 8095 | D82: 8095
A83: LUK & ASSOCIATES | B83: 551.79 | C83: 1801.54 | D83: 2353.33
A84: MAGGIORA & GHILOTTI INC. | B84: 1030504 | D84: 1030504
A85: MARY LARSEN | B85: 30789 | D85: 30789
A86: MATRISCOPE | B86: 27893.76 | D86: 27893.76
A87: MATTA PRODUCTS | B87: 33457.34 | D87: 33457.34
A88: MCPEAK ELECTRIC INC | B88: 3267.49 | C88: 0 | D88: 3267.49
A89: MILLENNIUM CONSULTING ASSOC | B89: 17084.5 | D89: 17084.5
A90: MILLER PACIFIC ENGINEERING GROUP | B90: 3585 | D90: 3585
A91: MOBILE MODULAR MANAGEMENT CORP | B91: 593353.08 | D91: 593353.08
A92: MULTIVISTA NORTHERN CALIFORNIA | B92: 55420 | D92: 55420
A93: NATIONAL CONSTRUCTION RENTALS | B93: 69.69 | D93: 69.69
A94: NINYO AND MOORE GEOTECHNICAL AND | B94: 19056.05 | D94: 19056.05
A95: NWN CORPORATION | B95: 52861.77 | D95: 52861.77
A96: OJO TECHNOLOGY | C96: 377494 | D96: 377494
A97: OMTRAK | B97: 19456 | D97: 19456
A98: OPTONY INC | B98: 24655 | D98: 24655
A99: ORACLE AMERICA INC | B99: 8244.46 | D99: 8244.46
A100: PACIFIC GAS AND ELECTRIC | B100: 12337.42 | D100: 12337.42
A101: PACIFIC MUNICIPAL CONSULTANTS | B101: 12836.25 | D101: 12836.25
A102: PMI CONSULTING INC | B102: 1206.18 | D102: 1206.18
A103: POWELL AND PARTNERS | B103: 4937418.4 | D103: 4937418.4
A104: QUATTROCCHI KWOK ARCHITECTS | B104: 1810999.4 | D104: 1810999.4
A105: REED BROTHERS | C105: 187.63 | D105: 187.63
A106: RGA ENVIRONMENTAL INCORPORATED | B106: 99300.54 | D106: 99300.54
A107: RMA GROUP OF NORTHERN CALIFORNIA | B107: 83778.75 | D107: 83778.75
A108: ROBERT A BOTHMAN INC | B108: 67391.02 | D108: 67391.02
A109: ROEBBELEN CONTRACTING INC | B109: 3181020 | D109: 3181020
A110: ROTO ROOTER | B110: 302.13 | D110: 302.13
...
